 Dungeon Crawl Stone Soup version 0.25.1-2-g60ff931df9 (webtiles) character file.

Game seed: 18140663698665403366

17698434 DildoBatman the Petrodigitator (level 27, 209/224 HPs)
             Began as a Formicid Wizard on Oct 5, 2020.
             Was an Initiate of Gozag.
             Escaped with the Orb
             ... and 15 runes on Oct 8, 2020!
             The game lasted 07:25:15 (90242 turns).

DildoBatman the Petrodigitator (Formicid Wizard)   Turns: 90242, Time: 07:25:15

Health: 209/224    AC: 33    Str:  8      XL:     27
Magic:  43/74      EV: 39    Int: 52 (53) God:    Gozag
Gold:   40833      SH: 36    Dex: 18      Spells: 17/80 levels left

rFire    + . .     SeeInvis +   b - +6 Majin-Bo {vamp, Archmagi MP+6 Int+6}
rCold    + + .     Gourm    .   t - +8 tower shield
rNeg     + + +     Faith    .   o - +4 troll leather armour "Cefy Deshuu" {+Fly MR+ Regen+ Dex+7 Slay-5}
rPois    ∞         Spirit   .   (helmet unavailable)
rElec    .         Reflect  .   M - +2 cloak of the Thief {+Fog Slay-2 SInv Stlth+}
rCorr    .         Harm     .   k - +0 pair of gloves of Autumn {+Blink MP+9 Str-2 Int+8}
MR       ++++.                  f - +2 pair of boots {Fly}
Stlth    ++++......             m - amulet of Jiolaev {RegenMP rC+ Int+2}
HPRegen  0.87/turn              V - ring of Patz {+Inv rPois AC+4 Int+4}
MPRegen  0.69/turn              p - ring "Muavin" {EV+4 Str-4 Int+4 Dex+2}

@: lich-form, gold aura, flying
A: permanent stasis, dig shafts and tunnels, four strong arms, antennae 3,
talons 1, repulsion field 2, large bone plates 1, fire resistance 1, frail 1,
high mp 1, MP-powered wands
0: Orb of Zot
}: 15/15 runes: barnacled, slimy, silver, golden, iron, obsidian, icy, bone,
abyssal, demonic, glowing, magical, fiery, dark, gossamer
a: Dig, Shaft Self, End Transformation, Potion Petition, Call Merchant, Bribe
Branch, Renounce Religion, Evoke Fog, Evoke Invisibility, Stop Flying


You escaped.
You worshipped Gozag.
Gozag was extremely pleased with you.
You were not hungry.
You were a lich.
You visited 18 branches of the dungeon, and saw 85 of its levels.
You visited Pandemonium 1 time, and saw 28 of its levels.
You visited the Abyss 2 times.
You completed 3 ziggurats, and saw 81 of their levels.
You also visited: Sewer, Gauntlet and Wizlab.

You collected 77118 gold pieces.
You spent 3086 gold pieces at shops.
You paid 33199 gold pieces to Gozag.

Inventory:

Hand Weapons
 b - the +6 Majin-Bo (weapon) {vamp, Archmagi MP+6 Int+6}
   (You found it on level 3 of the Elven Halls)

   It inflicts no extra harm, but heals its wielder when it wounds a living foe.
   It affects your intelligence (+6).
   It affects your magic capacity (+6).
 c - the +3 Elemental Staff {rElec rF++ rC++ MR++ AC+5}
   (You found it on level 5 of the Vaults)

   It affects your AC (+5).
   It greatly protects you from fire.
   It greatly protects you from cold.
   It insulates you from electricity.
   It affects your resistance to hostile enchantments.
Missiles
 K - 63 silver javelins (quivered)
 O - 18 throwing nets
Armour
 f - a +2 pair of boots of flying (worn)
 k - the +0 pair of gloves of Autumn (worn) {+Blink MP+9 Str-2 Int+8}
   (You acquired it on level 3 of the Tomb of the Ancients)

   It affects your strength (-2).
   It affects your intelligence (+8).
   It affects your magic capacity (+9).
   It lets you blink.
 o - the +4 troll leather armour "Cefy Deshuu" (worn) {+Fly MR+ Regen+ Dex+7 Slay-5}
   (You found it on level 20 of a ziggurat)

   It affects your dexterity (+7).
   It affects your accuracy and damage with ranged weapons and melee attacks
   (-5).
   It affects your resistance to hostile enchantments.
   It lets you fly.
   It increases your rate of regeneration.
 t - a +8 tower shield (worn)
 L - a +2 pair of boots of running
 M - the +2 cloak of the Thief (worn) {+Fog Slay-2 SInv Stlth+}
   (You found it on level 23 of a ziggurat)

   It affects your accuracy and damage with ranged weapons and melee attacks
   (-2).
   It lets you see invisible.
   It makes you more stealthy.
Magical Staves
 a - an uncursed staff of energy
Jewellery
 m - the amulet of Jiolaev (around neck) {RegenMP rC+ Int+2}
   (You found it on level 3 of the Tomb of the Ancients)

   [amulet of magic regeneration]

   It increases your magic regeneration.
   It affects your intelligence (+2).
   It protects you from cold.
 p - the ring "Muavin" (right hand) {EV+4 Str-4 Int+4 Dex+2}
   (You bought it in a shop on level 3 of the Tomb of the Ancients)

   [ring of evasion]

   It affects your evasion (+4).
   It affects your strength (-4).
   It affects your intelligence (+4).
   It affects your dexterity (+2).
 q - the ring "Cotiasm" {rElec rPois rF+, unknown}
   (You found it on level 4 of the Depths)

   [ring of poison resistance]

   It protects you from fire.
   It insulates you from electricity.
   It protects you from poison.
 V - the ring of Patz (left hand) {+Inv rPois AC+4 Int+4}
   (You found it on level 3 of the Crypt)

   [ring of protection]

   It affects your AC (+4).
   It affects your intelligence (+4).
   It protects you from poison.
   It lets you turn invisible.
Wands
 A - a wand of acid (36)
 Q - a wand of iceblast (68)
 T - a wand of clouds (26)
Scrolls
 g - 4 scrolls of summoning
 n - 6 scrolls of torment
 u - 56 scrolls of fog
 x - 70 scrolls of remove curse
 z - 22 scrolls of identify
 I - 15 scrolls of enchant armour
 J - 12 scrolls of immolation
 N - 21 scrolls of amnesia
Potions
 h - 18 potions of heal wounds
 i - 7 potions of ambrosia
 l - 5 potions of magic
 s - 9 potions of might
 w - 32 potions of curing
 y - 12 potions of brilliance
 B - 34 potions of mutation
 G - 18 potions of cancellation
 R - 7 potions of invisibility
 X - 8 potions of resistance
Miscellaneous
 j - a phial of floods
 F - 44 phantom mirrors
 U - a lightning rod (4/4)
 Y - 35 boxes of beasts
Comestibles
 v - 77 rations


   Skills:
 O Level 27 Fighting
   Level 0.7 Polearms
 O Level 27 Throwing
 O Level 27 Armour
 O Level 27 Dodging
 O Level 27 Stealth
 O Level 27 Shields
 O Level 27 Spellcasting
 O Level 27 Conjurations
 - Level 18.5 Hexes
 - Level 6.0 Charms
   Level 1.0 Summonings
 O Level 27 Necromancy
 - Level 2.0 Translocations
 O Level 27 Transmutations
   Level 5.0 Fire Magic
 * Level 24.9 Ice Magic
 O Level 27 Air Magic
 O Level 27 Earth Magic
 O Level 27 Evocations


You had 17 spell levels left.
You knew the following spells:

 Your Spells              Type           Power        Failure   Level  Hunger
a - Chain Lightning       Conj/Air       #########.   0%          8    N/A
b - Shatter               Erth           #########.   1%          9    N/A
c - Tornado               Air            #########.   1%          9    N/A
d - Necromutation         Tmut/Necr      ##########   0%          8    N/A
e - Borgnjor's Vile Clut  Necr/Erth      ##########   0%          5    N/A
f - Absolute Zero         Ice            #########.   1%          9    N/A
g - Ozocubu's Armour      Chrm/Ice       ########     0%          3    N/A
h - Darkness              Hex            #########.   0%          6    N/A
i - Dispel Undead         Necr           ########     0%          4    N/A
z - Shroud of Golubria    Chrm/Tloc      ######       1%          2    N/A

Your spell library contained the following spells:

 Spells                   Type           Power        Failure   Level  Hunger
 Animate Skeleton         Necr           N/A          0%          1    N/A
 Beastly Appendage        Tmut           ######       0%          1    N/A
 Corona                   Hex            #######      0%          1    N/A
 Foxfire                  Conj/Fire      ####         0%          1    N/A
 Freeze                   Ice            ####         0%          1    N/A
 Infusion                 Chrm           ####         0%          1    N/A
 Magic Dart               Conj           ####         0%          1    N/A
 Pain                     Necr           ####         0%          1    N/A
 Sandblast                Erth           ######       0%          1    N/A
 Shock                    Conj/Air       ####         0%          1    N/A
 Sting                    Tmut/Pois      ####         0%          1    N/A
 Corpse Rot               Necr/Air       N/A          0%          2    N/A
 Ensorcelled Hibernation  Hex/Ice        ######       0%          2    N/A
 Passwall                 Tmut/Erth      ########     0%          2    N/A
 Poisonous Vapours        Pois/Air       ######       0%          2    N/A
 Searing Ray              Conj           ######       0%          2    N/A
 Slow                     Hex            ########     0%          2    N/A
 Sticks to Snakes         Tmut           ########     0%          2    N/A
 Sublimation of Blood     Necr           ##########   0%          2    N/A
 Confusing Touch          Hex            ########     0%          3    N/A
 Conjure Flame            Conj/Fire      ########     0%          3    N/A
 Dazzling Flash           Conj/Hex       ######       0%          3    N/A
 Frozen Ramparts          Ice            ######       0%          3    N/A
 Ignite Poison            Fire/Tmut/Pois ########     0%          3    N/A
 Inner Flame              Hex/Fire       ########     0%          3    N/A
 Mephitic Cloud           Conj/Pois/Air  ########     0%          3    N/A
 Portal Projectile        Hex/Tloc       ######       0%          3    N/A
 Spectral Weapon          Hex/Chrm       ########     0%          3    N/A
 Spider Form              Tmut/Pois      ########..   0%          3    N/A
 Static Discharge         Conj/Air       ########     0%          3    N/A
 Stone Arrow              Conj/Erth      ######       0%          3    N/A
 Summon Guardian Golem    Hex/Summ       ########     0%          3    N/A
 Tukima's Dance           Hex            ########     0%          3    N/A
 Vampiric Draining        Necr           ##########   0%          3    N/A
 Airstrike                Air            #########.   0%          4    N/A
 Animate Dead             Necr           N/A          0%          4    N/A
 Cause Fear               Hex            #########.   0%          4    N/A
 Fulminant Prism          Conj/Hex       #########.   0%          4    N/A
 Hailstorm                Conj/Ice       ########     0%          4    N/A
 Ice Form                 Ice/Tmut       ########     0%          4    N/A
 Iskenderun's Mystic Bla  Conj/Tloc      ########     0%          4    N/A
 Leda's Liquefaction      Hex/Erth       #########.   0%          4    N/A
 Petrify                  Tmut/Erth      ########     0%          4    N/A
 Sticky Flame             Conj/Fire      ########     0%          4    N/A
 Summon Ice Beast         Ice/Summ       ########     0%          4    N/A
 Summon Lightning Spire   Summ/Air       ########     0%          4    N/A
 Agony                    Necr           ########     0%          5    N/A
 Alistair's Intoxication  Tmut/Pois      ########     0%          5    N/A
 Blade Hands              Tmut           #########.   0%          5    N/A
 Bolt of Magma            Conj/Fire/Erth #########.   0%          5    N/A
 Excruciating Wounds      Chrm/Necr      #########.   0%          5    N/A
 Fireball                 Conj/Fire      #########.   0%          5    N/A
 Irradiate                Conj/Tmut      #########.   0%          5    N/A
 Iskenderun's Battlesphe  Conj/Chrm      ########     0%          5    N/A
 Lee's Rapid Deconstruct  Erth           #########.   0%          5    N/A
 Lightning Bolt           Conj/Air       #########.   0%          5    N/A
 Metabolic Englaciation   Hex/Ice        #########.   0%          5    N/A
 Silence                  Hex/Air        #########.   0%          5    N/A
 Yara's Violent Unravell  Hex/Tmut       #########.   0%          5    N/A
 Conjure Ball Lightning   Conj/Air       #########.   0%          6    N/A
 Death Channel            Necr           ##########   0%          6    N/A
 Freezing Cloud           Conj/Ice/Air   #########.   0%          6    N/A
 Hydra Form               Tmut           #########.   0%          6    N/A
 Invisibility             Hex            ########     0%          6    N/A
 Iron Shot                Conj/Erth      #########.   0%          6    N/A
 Ozocubu's Refrigeration  Ice            #########.   0%          6    N/A
 Simulacrum               Ice/Necr       ##########   0%          6    N/A
 Statue Form              Tmut/Erth      #########    0%          6    N/A
 Dragon Form              Tmut           #########.   0%          7    N/A
 Orb of Destruction       Conj           #########.   0%          7    N/A
 Borgnjor's Revivificati  Necr           ##########   0%          8    N/A
 Infestation              Necr           ##########   0%          8    N/A
 Lehudib's Crystal Spear  Conj/Erth      #########.   0%          8    N/A
 Apportation              Tloc           ######       1%          1    N/A
 Summon Butterflies       Summ           #######.     1%          1    N/A
 Summon Small Mammal      Summ           ####         1%          1    N/A
 Call Imp                 Summ           #######.     1%          2    N/A
 Song of Slaying          Chrm           ########     1%          2    N/A
 Call Canine Familiar     Summ           #######.     1%          3    N/A
 Gell's Gravitas          Tloc           #######...   1%          3    N/A
 Lesser Beckoning         Tloc           #######...   1%          3    N/A
 Recall                   Summ/Tloc      N/A          1%          3    N/A
 Teleport Other           Tloc           #######.     1%          3    N/A
 Olgreb's Toxic Radiance  Pois           #######.     1%          4    N/A
 Summon Mana Viper        Hex/Summ       ########     1%          5    N/A
 Eringya's Noxious Bog    Tmut/Pois      ########..   1%          6    N/A
 Starburst                Conj/Fire      #########.   1%          6    N/A
 Haunt                    Necr/Summ      #########.   1%          7    N/A
 Spellforged Servitor     Conj/Summ      ########..   1%          7    N/A
 Death's Door             Chrm/Necr      #########.   1%          8    N/A
 Discord                  Hex            #########.   1%          8    N/A
 Aura of Abjuration       Summ           #######...   2%          5    N/A
 Summon Demon             Summ           #######...   2%          5    N/A
 Summon Forest            Summ/Tloc      #######...   2%          5    N/A
 Dispersal                Tloc           #######...   11%         6    N/A
 Ring of Flames           Chrm/Fire      ########..   14%         7    N/A
 Shadow Creatures         Summ           N/A          16%         6    N/A
 Fire Storm               Conj/Fire      #########.   22%         9    N/A
 Malign Gateway           Summ/Tloc      #######...   56%         7    N/A
 Monstrous Menagerie      Summ           #######...   65%         7    N/A
 Summon Greater Demon     Summ           #######...   65%         7    N/A
 Summon Hydra             Summ           #######...   65%         7    N/A
 Ignition                 Fire           ########..   78%         8    N/A
 Disjunction              Tloc           #######...   99%         8    N/A
 Summon Horrible Things   Summ           #######...   100%        8    N/A
 Dragon's Call            Summ           #######...   100%        9    N/A
 Swiftness                Chrm/Air       Unusable     N/A         2    N/A
 Blink                    Tloc           Unusable     N/A         2    N/A
 Passage of Golubria      Tloc           Unusable     N/A         4    N/A
 Controlled Blink         Tloc           Unusable     N/A         8    N/A

Dungeon Overview and Level Annotations

Branches:
Dungeon (15/15)            Temple (1/1) D:6            Lair (6/6) D:11
 Shoals (4/4) Lair:3       Spider (4/4) Lair:4        Slime (5/5) Lair:5
    Orc (2/2) D:11            Elf (3/3) Orc:2        Vaults (5/5) D:13
  Crypt (3/3) Vaults:2       Tomb (3/3) Crypt:3      Depths (5/5) D:15
   Hell (visited)             Dis (7/7) Hell            Geh (7/7) Hell
    Coc (7/7) Hell            Tar (7/7) Hell            Zot (5/5) Depths:5
  Sewer (visited)          WizLab (visited)         Gauntlet (visited)

Altars:
Ashenzari
Cheibriados
Dithmenos
Elyvilon
Fedhas
Gozag
Hepliaklqana
Kikubaaqudgha
Makhleb
Nemelex Xobeh
Okawaru
Qazlal
Ru
Sif Muna
Trog
Uskayaw
Vehumet
Wu Jian
Xom
Yredelemnul
Zin
The Shining One

Shops:
D:5 %   D:14 *?   D:15 *   Orc:2 ![(%   Shoals:4 %   Vaults:2 ?
Tomb:3 ([[[*[[**

Portals:
Hell: Depths:2 Depths:4 Depths:5
Abyss: D:11 Shoals:3 Depths:2
Pandemonium: Depths:3
Ziggurat: Tomb:3
Trove: D:10 (give +3 gold dragon scales)

Annotations:
Depths:2 1 runed translucent door


Innate Abilities, Weirdness & Mutations

You cannot be hasted, slowed, berserked, paralysed or teleported.
You can dig through walls and to a lower floor.
Your four strong arms can wield two-handed weapons with a shield.
You have a pair of large antennae on your head. (SInv)
You have sharp toenails.
You are surrounded by a moderate repulsion field. (EV +3)
You are partially covered in large bone plates. (SH +4)
Your flesh is heat resistant. (rF+)
You are frail. (-10% HP)
You have an increased reservoir of magic. (+10% MP)
You expend magic power (3 MP) to strengthen your wands.


Message History

The azure jelly is moderately wounded.
You kill the yellow draconian stormcaller!
The yellow draconian stormcaller's corpse disappears in a puff of smoke!
Ka-crash!
You kill the azure jelly!
You kill the red draconian stormcaller!
The red draconian stormcaller's corpse disappears in a puff of smoke!
You kill the gelid corrupter!
The azure jelly disappears in a puff of smoke!
The golden dragon disappears in a puff of smoke!
You block the torturous warmonger's attack.
You block the infernal black sun's attack.
You kill the infernal black sun!
You block the torturous warmonger's attack.
You kill the torturous warmonger!
The winds around you start to calm down.
You are engulfed in raging winds.
There is a staircase leading out of the dungeon here.
You are engulfed in raging winds.
You have escaped!

#.###.###.# #.....# #####.# #.#
#.#.#.# ########### ##.###.# #.#
#....####.#....)..####>.....#
#.###....#.............#.........
#........####..........###...##.#
##.......#.............###..###.#
#.#####.......≈≈≈......##.#.>..#
#.# ###......≈...≈.....##.#.##.#
#.###........≈.L.≈......#.#.##.#
#............≈...≈........#.##.#
#.###.##......≈≈≈......##......#
#.###.###........$..#.#####.####
#.......#....$.......##.....#
#.###...#.#............###### #.#
####....###$.....#. #.###########
#.#.###.# #.........# #...# ##


There were no monsters in sight!

Vanquished Creatures
  Cerebov (Pan)
  Antaeus (Coc:7)
  Asmodeus (Geh:7)
  the Royal Jelly (Slime:5)
  Ereshkigal (Tar:7)
  Gloorx Vloq (Pan)
  the Serpent of Hell (Dis:7)
  Mnoleg (Pan)
  The ghost of DildoBatman the Petrodigitator, a legendary FoWz of Gozag (Zig:10)
  Lom Lobon (Pan)
  Khufu (Crypt:3)
  39 ancient liches
  16 orbs of fire
  Dispater (Dis:7)
  The ghost of kalagan the Acolyte, a legendary GrFi of the Shining One (Zig:10)
  12 juggernauts
  The ghost of Johnny the Metallomancer, a master DgEE (Zig:7)
  78 greater mummies
  40 pandemonium lords
  37 shard shrikes
  28 Killer Klowns
  Saint Roka (Vaults:1)
  17 caustic shrikes
  4 curse toes
  Geryon (Hell)
  Nikola (Shoals:2)
  A golden dragon (shapeshifter) (Zig:11)
  7 profane servitors
  66 golden dragons
  26 bone dragons
  7 pearl dragons (Zig:21)
  Arachne (Spider:3)
  A doom hound (Tar:7)
  17 iron giants
  6 electric golems
  32 liches
  A shard shrike zombie (Crypt:1)
  21 hellephants
  The ghost of DerDa the Warrior, an adept HOMo of Okawaru (Shoals:3)
  Jorgrun (D:13)
  16 Tzitzimimeh
  20 Brimstone Fiends
  22 Hell Sentinels
  36 Ice Fiends
  Rupert (D:13)
  37 tentacled monstrosities
  29 Orb Guardians
  28 titans
  A moon troll (WizLab)
  6 deep elf blademasters
  An acid blob (shapeshifter) (Zig:20)
  A titan (shapeshifter) (Zig:20)
  36 Executioners
  Asterion (Vaults:1)
  3 quicksilver dragons (shapeshifter)
  A kraken (Abyss:5)
  66 acid blobs
  7 deep elf master archers
  23 quicksilver dragons
  A death cob (Zot:3)
  46 tentacled starspawn
  19 sphinxes
  A sphinx (shapeshifter) (Zig:9)
  The ghost of Elvor the Peltast, an adept GrFi of Okawaru (Shoals:4)
  27 ancient champions
  17 draconian monks
  3 shadow dragons (shapeshifter)
  21 storm dragons
  4 thorn hunters
  33 shadow dragons
  8 tengu reavers
  An azure jelly (shapeshifter) (Zig:20)
  67 nagarajas
  31 iron dragons
  27 revenants
  42 azure jellies
  Roxanne (Elf:3)
  8 daevas
  4 fire giants (shapeshifter)
  34 fire giants
  24 vault wardens
  43 draconian knights
  28 ghost moths
  32 orc warlords
  38 frost giants
  40 balrugs
  12 deep elf sorcerers
  20 draconian shifters
  8 draconian scorchers
  2 caustic shrike zombies
  26 curse skulls
  16 warmongers
  14 angels
  22 cacodemons
  17 ironheart preservers
  3 deep elf elementalists
  17 draconian stormcallers
  16 emperor scorpions
  2 emperor scorpions (shapeshifter) (Zig:20)
  56 very ugly things
  12 ghouls
  3 elemental wellsprings (Coc:7)
  4 stone giants (shapeshifter)
  6 caustic shrike skeletons
  19 draconian annihilators
  62 stone giants
  7 ophanim (Zig:21)
  9 apis (Zig:21)
  40 entropy weavers
  46 reapers
  2 juggernaut skeletons
  35 vampire knights
  13 war gargoyles
  11 blood saints
  28 corrupters
  14 bennus
  A spriggan defender (Depths:4)
  15 deep elf demonologists
  11 green draconians
  10 black draconians
  Azrael (D:12)
  17 deep elf annihilators
  7 red draconians
  22 black suns
  11 lorocyprocas
  14 white draconians
  A minotaur (Gauntlet)
  A dire elephant (shapeshifter) (Zig:11)
  18 dire elephants
  12 yellow draconians
  18 purple draconians
  33 eidola
  9 spark wasps
  4 quicksilver dragon zombies
  52 blizzard demons
  15 death oozes
  9 crystal guardians
  5 merfolk javelineers
  21 fire dragons
  24 deep elf death magi
  12 merfolk impalers
  50 mummy priests
  61 green deaths
  27 jiangshi
  29 ettins
  Josephine (D:13)
  23 deep elf high priests
  14 yaktaur captains
  A fire dragon (shapeshifter) (Zig:20)
  The ghost of Thomus the Cleaver, a journeyman MiBe of Trog (D:11)
  20 rakshasas
  5 quicksilver dragon skeletons
  A kraken zombie (Coc:7)
  60 ice dragons
  A great orb of eyes (shapeshifter) (Zig:11)
  34 vault guards
  The ghost of AuftragZ the Frost Mage, a journeyman DrIE of Elyvilon (Orc:1)
  38 great orbs of eyes
  13 naga warriors
  A juggernaut simulacrum (Zig:23)
  Harold (D:9)
  10 spriggan air magi
  9 ghost crabs
  10 hell beasts
  8 monstrous demonspawn (Pan)
  4 alligator snapping turtles
  62 hydras
  Erica (Lair:2)
  4 merfolk avatars
  14 catoblepae
  14 death knights
  3 caustic shrike simulacra
  32 shambling mangroves
  16 ogre magi
  6 centaur warriors
  6 anacondas
  9 alligators
  3 satyrs (Abyss:5)
  8 merfolk aquamancers
  87 death scarabs
  7 deep troll shamans
  4 death yaks
  39 two-headed ogres
  2 tengu warriors
  6 spriggan berserkers
  29 orc high priests
  11 deep troll earth magi
  9 titan zombies
  37 vampire magi
  59 thrashing horrors
  19 shock serpents
  9 hell hogs
  30 deep elf knights
  Urug (Orc:1)
  2 hell knights
  28 naga sharpshooters
  54 soul eaters
  3 storm dragon zombies
  51 sun demons
  Sonja (Lair:2)
  58 wretched stars
  39 shadow wraiths
  2 fire crabs (Zig:18)
  4 titan skeletons
  19 iron golems
  47 sixfirhies
  36 death drakes
  46 skeletal warriors
  4 death drakes (shapeshifter)
  30 iron trolls
  4 storm dragon skeletons
  15 spatial maelstroms
  4 orange crystal statues
  3 iron trolls (shapeshifter)
  3 salamander mystics
  15 torturous demonspawn (Pan)
  A golden dragon zombie (Zig:12)
  6 unseen horrors
  A quicksilver dragon simulacrum (Zig:26)
  A swamp dragon (shapeshifter) (Zig:8)
  32 swamp dragons
  30 shadow demons
  7 anaconda zombies
  34 deep trolls
  An unseen horror (shapeshifter) (Vaults:4)
  A kraken simulacrum (Coc:7)
  19 spriggan druids
  14 infernal demonspawn (Pan)
  5 golden dragon skeletons
  27 flayed ghosts
  16 phantasmal warriors
  18 sea snakes
  5 naga ritualists
  7 harpies
  A spark wasp zombie (Zig:5)
  Pikel (D:4)
  2 deep trolls (shapeshifter)
  A sphinx zombie (Zig:26)
  4 cherubim (Zig:21)
  23 glowing orange brains
  20 deep elf archers
  103 starcursed masses
  14 wizards
  An anaconda skeleton (Tomb:2)
  3 obsidian statues
  7 necromancers
  22 ironbrand convokers
  3 shadow dragon zombies
  10 gelid demonspawn (Pan)
  A wolf spider zombie (Geh:7)
  2 tengu zombies
  2 harpies (shapeshifter)
  4 mana vipers
  3 oklob plants
  24 orc knights
  3 iron dragon zombies
  5 fire giant zombies
  64 wolf spiders
  2 wolf spiders (shapeshifter)
  A mana viper (shapeshifter) (Zig:11)
  57 orb spiders
  5 stone giant zombies
  19 orc sorcerers
  A manticore (shapeshifter) (Zig:9)
  23 shining eyes
  5 shadow dragon skeletons
  84 deep elf magi
  6 sphinx skeletons
  11 worldbinders
  39 ugly things
  3 iron dragon skeletons
  5 salamanders
  12 cyclopes
  8 fauns
  17 manticores
  2 moths of wrath (shapeshifter)
  4 frost giant zombies
  2 frost giant skeletons
  44 moths of wrath
  2 dire elephant zombies
  A toenail golem (D:11)
  7 ice statues
  22 elephants
  7 stone giant skeletons
  55 black mambas
  An elephant (shapeshifter) (Zig:11)
  16 naga magi
  Psyche (D:9)
  4 titan simulacra (Coc:7)
  22 vault sentinels
  108 smoke demons
  26 apocalypse crabs
  6 merfolk sirens
  20 guardian serpents
  7 fire giant skeletons
  8 water nymphs
  19 eyes of devastation
  A torpor snail (shapeshifter) (Zig:27)
  12 rust devils
  2 eyes of devastation (shapeshifter)
  17 gargoyles
  9 molten gargoyles
  A black mamba (shapeshifter) (Zig:15)
  A catoblepas zombie (Crypt:1)
  2 spiny frogs (shapeshifter)
  25 torpor snails
  6 spriggan skeletons
  3 storm dragon simulacra
  A shock serpent skeleton (Gauntlet)
  A kobold demonologist (D:11)
  35 yaktaurs
  3 yaktaur zombies
  40 hellions
  An alligator snapping turtle skeleton (Crypt:2)
  3 death yak zombies
  39 spiny frogs
  35 orange demons
  10 komodo dragons
  39 freezing wraiths
  8 anaconda simulacra
  3 dire elephant skeletons
  28 tormentors
  A komodo dragon (shapeshifter) (Zig:20)
  27 rime drakes
  24 efreet
  A yaktaur (shapeshifter) (Vaults:3)
  59 demonic crawlers
  27 hellwings
  7 spriggan zombies
  A death yak skeleton (Lair:1)
  A golden dragon simulacrum (Crypt:3)
  2 queen bees
  118 guardian mummies
  12 hydra zombies
  3 queen bees (shapeshifter)
  A catoblepas skeleton (Lair:4)
  48 ice devils
  2 jumping spiders (shapeshifter)
  10 wind drakes
  28 red devils
  2 tengu conjurers
  A grey draconian skeleton (Crypt:2)
  6 polar bears
  3 shadow dragon simulacra
  69 jumping spiders
  33 ancient zymes
  3 meliai (Spider:4)
  A silent spectre (Tar:7)
  22 trolls
  35 merfolk
  A death drake zombie (Crypt:1)
  Prince Ribbit (D:4)
  129 slime creatures
  82 hornets
  61 raiju
  11 tyrant leeches
  An alligator zombie (Coc:7)
  17 bog bodies
  6 hydra skeletons
  2 sphinx simulacra
  A harpy skeleton (Pan)
  14 blink frogs
  3 raiju (shapeshifter)
  A snapping turtle (shapeshifter) (Abyss:5)
  12 dream sheep
  2 iron dragon simulacra
  A meliai zombie (D:12)
  4 ettin zombies
  A fire giant simulacrum (Abyss:5)
  A centaur simulacrum (D:13)
  8 snapping turtles
  25 hippogriffs
  6 ice dragon zombies
  4 tarantellas (shapeshifter)
  2 alligator skeletons
  2 ice dragon skeletons
  2 black mamba zombies
  11 air elementals
  144 flying skulls
  A fire dragon skeleton (Dis:7)
  2 hippogriffs (shapeshifter)
  9 spriggans
  28 shadows
  21 water elementals
  17 wraiths
  99 redbacks
  A redback (shapeshifter) (Zig:4)
  2 spriggan simulacra (Zig:16)
  8 ettin skeletons
  59 ynoxinuls
  57 tarantellas
  2 vampires
  A fire bat (shapeshifter) (Vaults:5)
  11 wyverns
  5 black mamba skeletons
  38 ushabtiu
  5 fire bats
  14 golden eyes
  4 yaks (shapeshifter)
  4 hungry ghosts
  Grum (Lair:1)
  9 elf skeletons
  A steam dragon (shapeshifter) (D:11)
  51 yaks
  14 fire elementals
  13 vampire mosquitoes
  5 basilisks
  10 steam dragons
  36 chaos spawn
  154 large abominations
  49 small abominations
  58 neqoxecs
  23 spatial vortices
  19 nagas
  15 wargs
  A warg (shapeshifter) (Depths:4)
  A soldier ant (shapeshifter) (Zig:15)
  13 insubstantial wisps
  14 acid dragons
  A soldier ant (D:10)
  A swamp worm (shapeshifter) (Zig:27)
  32 hell hounds
  2 acid dragons (shapeshifter)
  3 floating eyes (Zig:22)
  A floating eye (shapeshifter) (Zig:23)
  26 water moccasins
  8 porcupines
  9 hydra simulacra (Coc:7)
  15 spiny frog zombies
  20 swamp drakes
  79 orc warriors
  An alligator simulacrum (Hell)
  2 black bears (shapeshifter)
  5 sky beasts
  19 necrophages
  2 black bears
  An eye of draining (shapeshifter) (Vaults:5)
  4 slaves
  3 spiny frog skeletons
  16 wolves
  21 ice beasts
  3 manticore zombies
  27 eyes of draining
  70 ogres
  3 phantoms
  An ogre (shapeshifter) (Zig:24)
  A snapping turtle zombie (Dis:7)
  4 boggarts
  A boggart (shapeshifter) (Shoals:3)
  A centaur (shapeshifter) (Zig:20)
  A wolf (shapeshifter) (Vaults:5)
  A manticore skeleton (Coc:7)
  A snapping turtle skeleton (Coc:7)
  8 centaurs
  33 crocodiles
  An elephant skeleton (Lair:1)
  A swamp dragon skeleton (Coc:1)
  A dream sheep skeleton (Lair:1)
  An orc skeleton (D:15)
  5 elf simulacra
  A big kobold (D:9)
  9 elf zombies
  A gnoll sergeant (D:11)
  21 bullfrogs
  A hippogriff skeleton (Lair:4)
  A wyvern zombie (D:14)
  10 earth elementals
  A glowing shapeshifter simulacrum (Zig:22)
  A komodo dragon skeleton (Lair:4)
  2 water moccasin zombies
  A yaktaur skeleton (D:15)
  2 yak zombies
  6 scorpions
  A water moccasin skeleton (Lair:2)
  A wyvern skeleton (D:10)
  25 killer bees
  A human simulacrum (Vaults:2)
  13 wights
  3 electric eels
  3 howler monkeys
  34 crimson imps
  A bullfrog zombie (Lair:4)
  5 centaur zombies
  A lava snake (Zig:19)
  9 hounds
  6 jellies
  20 orc priests
  2 quasits
  A black bear zombie (Crypt:2)
  7 centaur skeletons
  28 orc wizards
  Crazy Yiuf (D:2)
  2 bullfrog skeletons
  8 iron imps
  A gnoll shaman (Zig:12)
  2 porcupine zombies
  2 basilisk skeletons
  5 iguanas
  A hell rat (Zig:21)
  11 worker ants
  2 porcupine skeletons
  A big kobold zombie (Crypt:1)
  5 crocodile zombies
  2 crocodile skeletons
  A naga skeleton (Geh:7)
  An acid dragon skeleton (D:15)
  2 hound zombies
  A hound skeleton (D:7)
  141 mummies
  A howler monkey zombie (D:7)
  12 adders
  7 gnolls
  3 river rats (Sewer)
  A swamp drake skeleton (Gauntlet)
  8 shadow imps
  20 white imps
  5 ufetubi
  2 oozes
  2 adder zombies
  5 worms
  8 ball lightnings
  5 dart slugs
  10 leopard geckos
  100 orcs
  A bat skeleton (Crypt:2)
  3 giant cockroaches
  9 goblins
  10 hobgoblins
  10 jackals
  6 quokkas
  15 ball pythons
  5 bats
  3 frilled lizards
  A hobgoblin skeleton (D:15)
  A jackal skeleton (Crypt:1)
  16 kobolds
  3 leopard gecko skeletons
  35 rats
  2 blocks of ice (Pan)
  23 briar patches
  A demonic plant (WizLab)
  23 fire vortices
  2 fungi (Lair:5)
  5 lurking horrors
  22 plants
  29 starspawn tentacles
  A tentacle (Abyss:5)
8504 creatures vanquished.

Vanquished Creatures (collateral kills)
  A wolf spider (Spider:3)
  A fire elemental (D:12)
  2 killer bees
4 creatures vanquished.

Vanquished Creatures (others)
  A tentacled monstrosity (Abyss:5)
  An acid blob (Zig:22)
  A kraken (Shoals:3)
  4 eldritch tentacles
  A storm dragon (Zig:15)
  A draconian knight (Zig:25)
  A balrug (Pan)
  A cacodemon (Pan)
  3 elemental wellsprings (Coc:7)
  A blizzard demon (Coc:7)
  An eidolon (Zig:7)
  A quicksilver dragon zombie (Geh:7)
  A spriggan air mage (Zig:17)
  26 dancing weapons
  A hell hog (Geh:7)
  A thrashing horror (Abyss:5)
  A deep elf knight (Elf:1)
  A wretched star (Abyss:4)
  4 sixfirhies
  A smoke demon (Pan)
  A large abomination (Abyss:5)
  2 hellions (Geh:7)
  A rime drake (Zig:26)
  A hellwing (Pan)
  2 hornets (Zig:21)
  A slime creature (Zig:21)
  A hydra zombie (Coc:7)
  A jumping spider (Spider:1)
  A raiju (Abyss:4)
  A starcursed mass (Abyss:3)
  A neqoxec (Zot:5)
  A water elemental (Shoals:3)
  A golden eye (Abyss:5)
  2 chaos spawn
  An insubstantial wisp (Zig:17)
  A water moccasin (Lair:6)
  An ogre (Zot:3)
  13 ball lightnings (Pan)
  A briar patch (Zig:21)
  19 fungi
  A lurking horror (Abyss:5)
  31 plants
  70 starspawn tentacles
  27 tentacles
235 creatures vanquished.

Grand Total: 8743 creatures vanquished

Notes
Turn   | Place    | Note
-------+----------+-------------------------------------------
     0 | D:1      | DildoBatman the Formicid Wizard began the quest for the
                  | Orb.
     0 | D:1      | Reached XP level 1. HP: 13/13 MP: 4/4
     6 | D:1      | Reached skill level 1 in Conjurations
   322 | D:1      | Identified a +1 pair of boots of running (You found it on
                  | level 1 of the Dungeon)
   354 | D:1      | Reached XP level 2. HP: 19/19 MP: 0/6
   751 | D:1      | Reached XP level 3. HP: 24/24 MP: 2/7
  1212 | D:2      | Reached XP level 4. HP: 30/30 MP: 0/8
  1283 | D:2      | Learned a level 3 spell: Conjure Flame
  1287 | D:2      | Learned a level 3 spell: Mephitic Cloud
  1677 | D:2      | Found a runed translucent door.
  1678 | D:2      | Noticed Crazy Yiuf
  2016 | D:3      | Reached XP level 5. HP: 35/35 MP: 3/9
  2195 | D:3      | Found a glowing drain.
  2200 | Sewer    | Entered a sewer
  2987 | Sewer    | Reached XP level 6. HP: 41/41 MP: 7/10
  2999 | Sewer    | Reached skill level 5 in Conjurations
  3519 | D:3      | Reached XP level 7. HP: 39/46 MP: 5/11
  3524 | D:3      | Reached skill level 1 in Fire Magic
  3688 | D:3      | Reached skill level 1 in Air Magic
  4365 | D:4      | Got a polished buckler
  4371 | D:4      | Identified the +1 buckler of Reatz {+Fly MR- Regen+ rCorr}
                  | (You found it on level 4 of the Dungeon)
  4508 | D:4      | Reached skill level 1 in Shields
  5086 | D:5      | Entered Level 5 of the Dungeon
  5086 | D:5      | Noticed Prince Ribbit
  5276 | D:5      | Found Fuecoaty's Food Boutique.
  5557 | D:5      | Noticed Pikel
  5664 | D:5      | Reached XP level 8. HP: 52/52 MP: 6/12
  6556 | D:6      | Found a shimmering altar of Xom.
  6920 | D:6      | Found a staircase to the Ecumenical Temple.
  7038 | Temple   | Entered the Ecumenical Temple
  7223 | Temple   | Became a worshipper of Kikubaaqudgha
  7319 | D:6      | Reached skill level 5 in Fire Magic
  7493 | D:6      | Reached XP level 9. HP: 57/57 MP: 9/13
  7694 | D:4      | Killed Prince Ribbit
  7694 | D:4      | Reached skill level 1 in Fighting
  7694 | D:4      | Reached skill level 1 in Armour
  7694 | D:4      | Reached skill level 5 in Air Magic
  7775 | D:4      | Killed Pikel
  8032 | D:2      | Killed Crazy Yiuf
  8581 | D:7      | Reached * piety under Kikubaaqudgha
  8581 | D:7      | Identified Kikubaaqudgha's Disquisition on Sinister Secrets
                  | (Kikubaaqudgha gifted it to you on level 7 of the Dungeon)
  8581 | D:7      | Received a gift from Kikubaaqudgha
  8638 | D:7      | Reached XP level 10. HP: 47/72 MP: 6/14
  8900 | D:7      | Reached skill level 5 in Fighting
  8900 | D:7      | Reached skill level 5 in Armour
  9018 | D:7      | Reached skill level 5 in Dodging
  9112 | D:7      | Learned a level 2 spell: Sublimation of Blood
  9116 | D:7      | Learned a level 3 spell: Vampiric Draining
  9286 | D:8      | Reached skill level 1 in Necromancy
  9867 | D:8      | Got a slimy chain mail
 10354 | D:9      | Noticed Harold
 10373 | D:9      | Killed Harold
 10373 | D:9      | Reached skill level 5 in Spellcasting
 10441 | D:9      | Reached ** piety under Kikubaaqudgha
 10890 | D:9      | Noticed Psyche
 10900 | D:9      | Killed Psyche
 10900 | D:9      | Reached XP level 11. HP: 76/80 MP: 5/19
 11018 | D:9      | Reached skill level 5 in Necromancy
 11603 | D:10     | Entered Level 10 of the Dungeon
 11742 | D:9      | Reached *** piety under Kikubaaqudgha
 11742 | D:9      | Identified Kikubaaqudgha's Collected Works on Black Magic
                  | (Kikubaaqudgha gifted it to you on level 9 of the Dungeon)
 11742 | D:9      | Received a gift from Kikubaaqudgha
 11751 | D:9      | Learned a level 4 spell: Dispel Undead
 11757 | D:9      | Learned a level 5 spell: Borgnjor's Vile Clutch
 11826 | D:10     | Reached skill level 1 in Earth Magic
 12316 | D:10     | Found a portal to a secret trove of treasure.
 12506 | D:11     | Noticed a worldbinder
 12530 | D:11     | Noticed a sixfirhy
 12553 | D:11     | Found a transporter.
 12555 | D:11     | Found a transporter.
 12601 | D:11     | Reached skill level 5 in Earth Magic
 12852 | D:11     | Reached **** piety under Kikubaaqudgha
 12882 | D:11     | Found a staircase to the Orcish Mines.
 13196 | D:11     | Found a staircase to the Lair.
 13326 | D:11     | Noticed a toenail golem
 13444 | D:11     | Noticed an unseen horror
 13460 | D:11     | Identified the cursed +1 chain mail of Carved Mirth {SInv}
                  | (You found it on level 8 of the Dungeon)
 13508 | D:12     | Reached XP level 12. HP: 33/86 MP: 16/22
 13512 | D:12     | Got a pitted scimitar
 13513 | D:12     | Identified the +2 scimitar "Orb Guardian's Death" {vorpal,
                  | rPois} (You found it on level 12 of the Dungeon)
 14247 | Orc:1    | Entered Level 1 of the Orcish Mines
 14466 | Orc:1    | Found a runed translucent gate.
 14466 | Orc:1    | Found a runed translucent gate.
 14468 | Orc:1    | Found a runed translucent gate.
 14468 | Orc:1    | Noticed AuftragZ's ghost (journeyman DrIE)
 14589 | Orc:1    | Noticed an ettin
 14594 | Orc:1    | Killed an ettin
 14685 | Orc:1    | Noticed Urug
 14696 | Orc:1    | Killed Urug
 14696 | Orc:1    | Reached skill level 10 in Earth Magic
 14856 | Orc:2    | Entered Level 2 of the Orcish Mines
 14856 | Orc:2    | Found a staircase to the Elven Halls.
 14900 | Orc:2    | Reached ***** piety under Kikubaaqudgha
 14912 | Orc:2    | Noticed a two-headed ogre
 14937 | Orc:2    | Killed a two-headed ogre
 15019 | Orc:2    | Noticed a two-headed ogre
 15043 | Orc:2    | Killed a two-headed ogre
 15043 | Orc:2    | Reached XP level 13. HP: 32/94 MP: 9/23
 15055 | Orc:2    | Noticed an ettin
 15071 | Orc:2    | Killed an ettin
 15456 | Orc:2    | Found Nudienus's Food Shop.
 15462 | Orc:2    | Found Nomput's Armour Emporium.
 15462 | Orc:2    | Found Fiun's Weapon Boutique.
 15665 | Orc:2    | Found Upsa Goa's Distillery.
 15786 | Orc:2    | Bought a potion of mutation for 96 gold pieces
 15786 | Orc:2    | Gained mutation: Your flesh is heat resistant. (rF+)
                  | [potion of mutation]
 15786 | Orc:2    | Gained mutation: You are frail. (-10% HP) [potion of
                  | mutation]
 15786 | Orc:2    | Gained mutation: You are resistant to hostile enchantments.
                  | (MR+) [potion of mutation]
 15786 | Orc:2    | Gained mutation: Your flesh is very heat resistant. (rF++)
                  | [potion of mutation]
 16294 | D:11     | Noticed Thomus's ghost (journeyman MiBe)
 16297 | D:11     | Found a one-way gate to the infinite horrors of the Abyss.
 16388 | D:11     | Killed Thomus's ghost
 16554 | Orc:1    | Killed AuftragZ's ghost
 16846 | D:12     | Noticed Azrael
 16858 | D:12     | Killed Azrael
 16968 | D:13     | Reached skill level 10 in Armour
 16968 | D:13     | Reached XP level 14. HP: 83/98 MP: 11/24
 17001 | D:13     | Reached skill level 10 in Fighting
 17006 | D:13     | Identified the +1 rapier of Evolution {freeze, rPois Str+2}
 17333 | D:13     | Noticed Rupert
 17359 | D:13     | Killed Rupert
 17413 | D:13     | Found a gate to the Vaults.
 17413 | D:13     | Noticed an ironheart preserver
 17503 | D:13     | Killed an ironheart preserver
 17815 | D:13     | Noticed Jorgrun
 17904 | D:13     | Noticed Josephine
 17910 | D:13     | Killed Josephine
 17910 | D:13     | Reached skill level 10 in Spellcasting
 18212 | D:13     | Killed Jorgrun
 18320 | D:14     | Reached ****** piety under Kikubaaqudgha
 18330 | D:13     | Received a gift from Kikubaaqudgha
 18332 | D:13     | Fell from the grace of Kikubaaqudgha
 18531 | Temple   | Became a worshipper of Gozag Ym Sagoz the Greedy
 18873 | D:14     | Found Ysideocs's Magic Scroll Boutique.
 18882 | D:14     | Bought a scroll of noise for 16 gold pieces
 18912 | D:14     | Bought a scroll of identify for 32 gold pieces
 18912 | D:14     | Bought a scroll of identify for 32 gold pieces
 19164 | D:14     | Found an opulent altar of Gozag.
 19329 | D:14     | Found Ukkaoffa's Assorted Antiques.
 19334 | D:14     | Bought a lumpy silvery potion for 35 gold pieces
 19384 | D:14     | Reached XP level 15. HP: 84/103 MP: 15/30
 19654 | D:14     | Bought a scroll of torment for 120 gold pieces
 19654 | D:14     | Bought a scroll of fog for 32 gold pieces
 19654 | D:14     | Bought 3 scrolls of enchant armour for 360 gold pieces
 19911 | D:15     | Entered Level 15 of the Dungeon
 19911 | D:15     | Found a white marble altar of Elyvilon.
 20049 | D:15     | Found a staircase to the Depths.
 20049 | D:15     | Noticed a fire giant
 20063 | D:15     | Killed a fire giant
 20339 | D:15     | Found Bexesk's General Store.
 20345 | D:15     | Bought a scroll of identify for 28 gold pieces
 20729 | D:15     | Found a shadowy altar of Dithmenos.
 21014 | Lair:1   | Entered Level 1 of the Lair of Beasts
 21138 | Lair:1   | Noticed Grum
 21157 | Lair:1   | Killed Grum
 22034 | Lair:2   | Noticed Erica
 22041 | Lair:2   | Killed Erica
 23015 | Lair:2   | Noticed Sonja
 23023 | Lair:2   | Killed Sonja
 23232 | Lair:3   | You fall into a shaft and drop 2 floors!
 23256 | Lair:5   | Found a gate leading to a gauntlet.
 23259 | Lair:5   | Found a transporter.
 23356 | Lair:5   | Found a transporter.
 23386 | Gauntlet | Entered a Gauntlet
 23386 | Gauntlet | Found a transporter.
 23396 | Gauntlet | Found a transporter.
 23406 | Gauntlet | Found a transporter.
 23412 | Gauntlet | Found a transporter.
 23423 | Gauntlet | Found a transporter.
 23431 | Gauntlet | Found a transporter.
 23441 | Gauntlet | Found a transporter.
 23444 | Gauntlet | Found the cursed necklace of Bloodlust {*Rage +Rage MR++
                  | Int-3 Slay+6 *Curse}
 23448 | Gauntlet | Found a runed translucent gate.
 23448 | Gauntlet | Found a runed translucent gate.
 23448 | Gauntlet | Found a runed translucent gate.
 23451 | Gauntlet | Found a transporter.
 23475 | Gauntlet | Found a transporter.
 23475 | Gauntlet | Found a transporter.
 23478 | Gauntlet | Found a runed translucent door.
 23487 | Gauntlet | Found a transporter.
 23522 | Gauntlet | Found a transporter.
 23535 | Gauntlet | Found a transporter.
 23547 | Gauntlet | Found a transporter.
 23809 | Gauntlet | Identified Neev's Volume of the Ashen Snowflakes
 24089 | Lair:5   | Reached skill level 15 in Spellcasting
 24272 | Lair:5   | Found a staircase to the Slime Pits.
 24697 | Lair:5   | Reached XP level 16. HP: 92/109 MP: 35/35
 25128 | Lair:4   | Found a hole to the Spider Nest.
 25840 | Lair:3   | Learned a level 5 spell: Lee's Rapid Deconstruction
 25844 | Lair:3   | Learned a level 3 spell: Ozocubu's Armour
 25851 | Lair:3   | Got a brightly glowing buckler
 25865 | Lair:3   | Identified the -3 buckler "Rothi" {+Inv MR- rCorr} (You
                  | found it on level 3 of the Lair of Beasts)
 26274 | Lair:3   | Found a staircase to the Shoals.
 26400 | Lair:6   | Entered Level 6 of the Lair of Beasts
 27636 | Lair:6   | Identified the Grimoire of Ensnaring Necromancy
 27697 | Lair:6   | Identified the Reference Book on Feathers
 27804 | Lair:4   | Was forgiven by Kikubaaqudgha
 27919 | Lair:5   | Reached skill level 5 in Shields
 27982 | Lair:5   | Lost mutation: You are frail. (-10% HP) [potion of
                  | mutation]
 27982 | Lair:5   | Lost mutation: You are resistant to hostile enchantments.
                  | (MR+) [potion of mutation]
 27982 | Lair:5   | Lost mutation: Your flesh is very heat resistant. (rF++)
                  | [potion of mutation]
 27982 | Lair:5   | Gained mutation: Your skin changes colour to match your
                  | surroundings (Stealth+). [potion of mutation]
 27982 | Lair:5   | Gained mutation: You are robust. (+10% HP) [potion of
                  | mutation]
 28390 | Orc:2    | Bought a potion of heal wounds for 60 gold pieces
 28390 | Orc:2    | Bought a potion of cancellation for 96 gold pieces
 28390 | Orc:2    | Bought 2 potions of magic for 192 gold pieces
 28390 | Orc:2    | Bought a potion of invisibility for 96 gold pieces
 28390 | Orc:2    | Bought a potion of heal wounds for 60 gold pieces
 28390 | Orc:2    | Bought a potion of magic for 96 gold pieces
 28390 | Orc:2    | Bought a potion of ambrosia for 96 gold pieces
 28390 | Orc:2    | Bought a potion of cancellation for 96 gold pieces
 28569 | D:15     | Bought a potion of invisibility for 112 gold pieces
 28614 | D:14     | Bought 2 potions of curing for 234 gold pieces
 28797 | Shoals:1 | Entered Level 1 of the Shoals
 29551 | Shoals:1 | Reached XP level 17. HP: 140/140 MP: 33/38
 29787 | Shoals:2 | Reached skill level 10 in Shields
 29954 | Shoals:2 | Noticed Nikola
 30417 | Shoals:3 | Found a transporter.
 30621 | Shoals:3 | Found a transporter.
 30700 | Shoals:3 | Noticed DerDa's ghost (adept HOMo)
 31053 | Shoals:3 | Identified the cursed +2 demon trident of Havoc {distort,
                  | Dex+6 Stlth+}
 31053 | Shoals:3 | Identified the ring "Pora" {rN+ MR- EV+4 Int+3}
 31130 | Shoals:4 | Entered Level 4 of the Shoals
 31231 | Shoals:4 | Found Joasmuti's Food Boutique.
 31244 | Shoals:4 | Found a large runed translucent door.
 31245 | Shoals:4 | Found a large runed translucent door.
 31248 | Shoals:4 | Noticed Elvor's ghost (adept GrFi)
 31832 | Shoals:4 | Learned a level 5 spell: Bolt of Magma
 32003 | Shoals:4 | Reached skill level 15 in Shields
 32007 | Shoals:4 | Reached XP level 18. HP: 142/147 MP: 19/39
 32019 | Shoals:4 | Reached skill level 1 in Charms
 32019 | Shoals:4 | Reached skill level 1 in Ice Magic
 32038 | Shoals:4 | Got a barnacled rune of Zot
 32559 | Shoals:4 | Killed Elvor's ghost
 32584 | Shoals:4 | Got a crude rapier
 32585 | Shoals:4 | Identified the +2 rapier of Harmony {vamp, rC+} (You found
                  | it on level 4 of the Shoals)
 33089 | Shoals:3 | Killed DerDa's ghost
 33190 | Shoals:3 | Got a pair of buzzing boots
 33201 | Shoals:3 | Identified the cursed -5 pair of boots "Zilak" {rElec rC+
                  | rN+ Dex+3} (You found it on level 3 of the Shoals)
 33431 | Shoals:3 | Noticed a kraken
 33508 | Shoals:3 | Killed a kraken
 33903 | Shoals:2 | Killed Nikola
 34167 | Spider:1 | Entered Level 1 of the Spider Nest
 34520 | Spider:1 | Reached skill level 10 in Necromancy
 35150 | Spider:1 | Got a smoking great mace
 35152 | Spider:1 | Identified the +5 great mace of the Mushroom {holy, MP+9
                  | Str+5 Int-2} (You found it on level 1 of the Spider Nest)
 35286 | Spider:2 | Reached skill level 5 in Charms
 35289 | Spider:2 | Reached skill level 5 in Ice Magic
 35811 | Spider:2 | Got a transparent whip
 35812 | Spider:2 | Identified the +2 whip "Demonbane" {vorpal, *Noise Str+10
                  | Int-4} (You found it on level 2 of the Spider Nest)
 35935 | Spider:3 | Reached XP level 19. HP: 154/154 MP: 24/40
 36136 | Spider:3 | Noticed Arachne
 36152 | Spider:3 | Killed Arachne
 36180 | Spider:3 | Got a faintly glowing hand crossbow
 36557 | Spider:3 | Identified the cursed +1 hand crossbow of the People
                  | {speed, rF- Str+8} (You found it on level 3 of the Spider
                  | Nest)
 36771 | Spider:4 | Entered Level 4 of the Spider Nest
 37318 | Spider:4 | Reached skill level 15 in Earth Magic
 37380 | Spider:4 | Identified a scroll of acquirement
 37683 | Spider:4 | Identified the +10 war axe of Eternal Harmony {elec, rElec}
 37704 | Spider:4 | Got a gossamer rune of Zot
 37974 | Spider:4 | Learned a level 2 spell: Shroud of Golubria
 37983 | Spider:4 | Learned a level 8 spell: Necromutation
 38226 | Vaults:1 | Entered Level 1 of the Vaults
 38233 | Vaults:1 | Reached skill level 1 in Translocations
 38296 | Vaults:1 | Reached skill level 1 in Transmutations
 38301 | Vaults:1 | Noticed Saint Roka
 38475 | Vaults:1 | Killed Saint Roka
 38475 | Vaults:1 | Reached XP level 20. HP: 122/161 MP: 21/41
 38560 | Vaults:1 | Got a blackened arbalest
 38610 | Vaults:1 | Identified the +6 arbalest "Zetaf" {venom, Str+3} (You
                  | found it on level 1 of the Vaults)
 38992 | Vaults:1 | Noticed Asterion
 39006 | Vaults:1 | Killed Asterion
 39851 | Vaults:2 | Reached skill level 5 in Transmutations
 40144 | Vaults:2 | Found a staircase to the Crypt.
 40399 | Vaults:2 | Found Zeiguimi's Magic Scroll Boutique.
 40402 | Vaults:2 | Bought a scroll of identify for 42 gold pieces
 40402 | Vaults:2 | Bought a scroll of identify for 42 gold pieces
 40402 | Vaults:2 | Bought a scroll of identify for 42 gold pieces
 40402 | Vaults:2 | Bought a scroll of identify for 42 gold pieces
 40402 | Vaults:2 | Bought a scroll of summoning for 199 gold pieces
 40670 | Vaults:2 | Identified the Compendium of Protection
 41294 | Vaults:2 | Reached XP level 21. HP: 155/168 MP: 30/42
 42124 | Vaults:3 | Noticed a lich
 42158 | Vaults:3 | Killed a lich
 42303 | Vaults:3 | Noticed a lich
 42311 | Vaults:3 | Killed a lich
 42727 | Vaults:3 | Reached skill level 10 in Transmutations
 43530 | Vaults:4 | Reached skill level 15 in Necromancy
 43645 | Vaults:4 | Reached XP level 22. HP: 77/174 MP: 27/43
 44600 | Elf:1    | Entered Level 1 of the Elven Halls
 44616 | Elf:1    | Found a magical portal.
 44629 | WizLab   | Entered Lehudib's Moon Base
 44689 | WizLab   | Found a transporter.
 45048 | WizLab   | Lost mutation: Your flesh is heat resistant. (rF+) [potion
                  | of mutation]
 45048 | WizLab   | Lost mutation: You are robust. (+10% HP) [potion of
                  | mutation]
 45048 | WizLab   | Gained mutation: Your body sometimes deteriorates upon
                  | taking damage. [potion of mutation]
 45048 | WizLab   | Lost mutation: Your body sometimes deteriorates upon taking
                  | damage. [potion of mutation]
 45048 | WizLab   | Gained mutation: Your flesh is cold resistant. (rC+)
                  | [potion of mutation]
 45049 | WizLab   | Lost mutation: Your flesh is cold resistant. (rC+) [potion
                  | of mutation]
 45049 | WizLab   | Gained mutation: You are clumsy. (Dex -2) [potion of
                  | mutation]
 45049 | WizLab   | Lost mutation: You are clumsy. (Dex -2) [potion of
                  | mutation]
 45050 | WizLab   | Lost mutation: Your skin changes colour to match your
                  | surroundings (Stealth+). [potion of mutation]
 45050 | WizLab   | Gained mutation: You are robust. (+10% HP) [potion of
                  | mutation]
 45050 | WizLab   | Gained mutation: Your body sometimes deteriorates upon
                  | taking damage. [potion of mutation]
 45050 | WizLab   | Gained mutation: Your movements are slightly less
                  | encumbered by armour. (ER -2) [potion of mutation]
 45050 | WizLab   | Gained mutation: You are partially covered in molten
                  | scales. (AC +2) [potion of mutation]
 45051 | WizLab   | Lost mutation: Your body sometimes deteriorates upon taking
                  | damage. [potion of mutation]
 45051 | WizLab   | Lost mutation: Your movements are slightly less encumbered
                  | by armour. (ER -2) [potion of mutation]
 45051 | WizLab   | Lost mutation: You are robust. (+10% HP) [potion of
                  | mutation]
 45051 | WizLab   | Gained mutation: You passively map a small area around you.
                  | [potion of mutation]
 45051 | WizLab   | Gained mutation: You passively map the area around you.
                  | [potion of mutation]
 45570 | WizLab   | Found a transporter.
 45934 | WizLab   | Got a clouded tin ring
 45979 | Elf:1    | Identified the ring "Qyozxuop" {*Drain rF+++ rC+ Str+6}
                  | (You found it in a wizard's laboratory)
 46535 | Elf:1    | Identified the Tome of Arcane Weapons
 46737 | Elf:1    | Reached XP level 23. HP: 165/165 MP: 38/44
 47254 | Elf:2    | Found a runed translucent gate.
 47254 | Elf:2    | Found a runed translucent gate.
 47254 | Elf:2    | Found a runed translucent gate.
 48281 | Elf:3    | Entered Level 3 of the Elven Halls
 48468 | Elf:3    | Noticed Roxanne
 48481 | Elf:3    | Killed Roxanne
 48481 | Elf:3    | Reached skill level 15 in Transmutations
 49191 | Elf:3    | Identified the +9 rapier of Understanding {vorpal, *Slow
                  | rPois Str+6 SInv}
 49324 | Elf:3    | Identified the ring of Sethaur {rF++ SInv Stlth+}
 49329 | Elf:3    | HP: 8/165 [deep elf annihilator/poison arrow (39)]
 49523 | Elf:3    | Identified the ring of Rehitug {rF+ Str+4 Stlth-}
 49672 | Elf:3    | Identified a +1 pair of boots of running (You found it on
                  | level 3 of the Elven Halls)
 49711 | Elf:3    | Found the +6 Majin-Bo {vamp, Archmagi MP+6 Int+6}
 49758 | Elf:3    | Identified the +6 pearl dragon scales of Hide-and-Seek
                  | {rElec rN+ Slay+2}
 49785 | Elf:3    | Identified the Compendium of Harmful Shape Shifting
 49803 | Elf:3    | Identified Emangoyg's Guide on Poison and Combat Magic
 49934 | Elf:3    | Learned a level 9 spell: Shatter
 50249 | Crypt:1  | Entered Level 1 of the Crypt
 50282 | Crypt:1  | Reached XP level 24. HP: 86/172 MP: 11/44
 50545 | Crypt:1  | Reached skill level 1 in Evocations
 51729 | Crypt:2  | Reached skill level 5 in Evocations
 52215 | Crypt:3  | Entered Level 3 of the Crypt
 52731 | Crypt:3  | Found an ancient bone altar of Kikubaaqudgha.
 53122 | Crypt:3  | Got a scorched lead ring
 53218 | Crypt:3  | Reached XP level 25. HP: 144/177 MP: 26/44
 53305 | Crypt:3  | Found the +12 Vampire's Tooth {vamp}
 53445 | Crypt:3  | Found a staircase to the Tomb.
 53445 | Crypt:3  | Noticed Khufu
 53453 | Crypt:3  | Killed Khufu
 53486 | Crypt:3  | Got a brightly glowing bone ring
 53625 | Crypt:3  | Identified the ring "Tod Lisch" {MR+ MP+9 Dex+3} (You found
                  | it on level 3 of the Crypt)
 53627 | Crypt:3  | Identified the ring of Patz {+Inv rPois AC+4 Int+4} (You
                  | found it on level 3 of the Crypt)
 53657 | Tomb:1   | Entered Level 1 of the Tomb of the Ancients
 53701 | Tomb:1   | Got a fine plate armour
 53712 | Tomb:1   | Identified the cursed +1 plate armour of Miracles {+Inv
                  | Int+4 Dex-2} (You found it on level 1 of the Tomb of the
                  | Ancients)
 53821 | Tomb:1   | Reached skill level 10 in Evocations
 54348 | Tomb:1   | Noticed a greater mummy
 54359 | Tomb:1   | Killed a greater mummy
 54768 | Tomb:1   | Noticed a greater mummy
 54781 | Crypt:3  | Killed a greater mummy
 55081 | Tomb:1   | Noticed a greater mummy
 55085 | Tomb:1   | Noticed a greater mummy
 55085 | Tomb:1   | Noticed a greater mummy
 55086 | Tomb:1   | Noticed a greater mummy
 55102 | Tomb:1   | Killed a greater mummy
 55106 | Tomb:1   | Killed a greater mummy
 55108 | Tomb:1   | Killed a greater mummy
 55110 | Tomb:1   | Killed a greater mummy
 55110 | Tomb:1   | Noticed a greater mummy
 55114 | Tomb:1   | Noticed a greater mummy
 55116 | Tomb:1   | Noticed a greater mummy
 55270 | Tomb:1   | Killed a greater mummy
 55270 | Tomb:1   | Noticed a greater mummy
 55270 | Tomb:1   | Noticed a greater mummy
 55273 | Tomb:1   | Noticed a greater mummy
 55362 | Tomb:1   | Killed a greater mummy
 55362 | Tomb:1   | Killed a greater mummy
 55367 | Tomb:1   | Killed a greater mummy
 55367 | Tomb:1   | Reached XP level 26. HP: 81/184 MP: 20/44
 55469 | Tomb:1   | Noticed a greater mummy
 55471 | Tomb:1   | Noticed a greater mummy
 55474 | Tomb:1   | Noticed a greater mummy
 55474 | Tomb:1   | Noticed a greater mummy
 55475 | Tomb:1   | Killed a greater mummy
 55476 | Tomb:1   | Killed a greater mummy
 55476 | Tomb:1   | Noticed a greater mummy
 55476 | Tomb:1   | Noticed a greater mummy
 55596 | Tomb:1   | Noticed a greater mummy
 55599 | Tomb:1   | Killed a greater mummy
 55599 | Tomb:1   | Killed a greater mummy
 55599 | Tomb:1   | Noticed a greater mummy
 55599 | Tomb:1   | Noticed a greater mummy
 55600 | Tomb:1   | Killed a greater mummy
 55600 | Tomb:1   | Killed a greater mummy
 55600 | Tomb:1   | Killed a greater mummy
 55600 | Tomb:1   | Killed a greater mummy
 55600 | Tomb:1   | Killed a greater mummy
 55602 | Tomb:1   | Noticed a greater mummy
 55604 | Tomb:1   | Noticed a greater mummy
 55607 | Tomb:1   | Noticed a greater mummy
 55660 | Tomb:1   | Killed a greater mummy
 55660 | Tomb:1   | Killed a greater mummy
 55660 | Tomb:1   | Killed a greater mummy
 55661 | Tomb:1   | Killed a greater mummy
 55661 | Tomb:1   | Killed a greater mummy
 55667 | Tomb:1   | Noticed a greater mummy
 55671 | Tomb:1   | Noticed a greater mummy
 55683 | Tomb:1   | Killed a greater mummy
 55683 | Tomb:1   | Killed a greater mummy
 55974 | Tomb:1   | Noticed a greater mummy
 55987 | Tomb:1   | Killed a greater mummy
 56284 | Vaults:5 | Entered Level 5 of the Vaults
 56286 | Vaults:5 | Reached XP level 27. HP: 177/190 MP: 19/44
 56315 | Vaults:5 | Identified the +5 great sword of Insomnia {elec, *Contam
                  | MR+ Dex+2}
 57350 | Vaults:5 | Found the +3 Elemental Staff {rElec rF++ rC++ MR++ AC+5}
 57363 | Vaults:5 | Got a silver rune of Zot
 58306 | Tomb:2   | Noticed a greater mummy
 58307 | Tomb:2   | Noticed a greater mummy
 58309 | Tomb:2   | Noticed a greater mummy
 58309 | Tomb:2   | Noticed a greater mummy
 58313 | Tomb:2   | Killed a greater mummy
 58313 | Tomb:2   | Killed a greater mummy
 58313 | Tomb:2   | Killed a greater mummy
 58317 | Tomb:2   | Killed a greater mummy
 58654 | Tomb:2   | Reached skill level 27 in Earth Magic
 58664 | Tomb:2   | Learned a level 8 spell: Chain Lightning
 59109 | Tomb:3   | Entered Level 3 of the Tomb of the Ancients
 59122 | Tomb:3   | Noticed a greater mummy
 59125 | Tomb:3   | Noticed a greater mummy
 59126 | Tomb:3   | Killed a greater mummy
 59127 | Tomb:3   | Noticed a greater mummy
 59235 | Tomb:3   | Killed a greater mummy
 59235 | Tomb:3   | Identified the cursed +0 hand axe "Weuxzaos" {venom, Dex+6
                  | SInv}
 59238 | Tomb:3   | Killed a greater mummy
 59239 | Tomb:3   | Noticed an ancient lich
 59317 | Tomb:3   | Killed an ancient lich
 59319 | Tomb:3   | Noticed a greater mummy
 59330 | Tomb:3   | Killed a greater mummy
 59330 | Tomb:3   | Reached skill level 10 in Air Magic
 59339 | Tomb:3   | Noticed an ancient lich
 59354 | Tomb:3   | Killed an ancient lich
 59383 | Tomb:3   | Noticed a greater mummy
 59391 | Tomb:3   | Killed a greater mummy
 59690 | Tomb:3   | Noticed a greater mummy
 59694 | Tomb:3   | Killed a greater mummy
 59760 | Tomb:3   | Identified the Reference Book on the Glacier and
                  | Intoxication
 59790 | Tomb:3   | Identified Oxockyz's Collected Works on the Doomed Compass
 59795 | Tomb:3   | Got a brightly glowing golden ring
 59818 | Tomb:3   | Identified the ring "Ciuriaq" {*Tele rF++} (You found it on
                  | level 3 of the Tomb of the Ancients)
 59876 | Tomb:3   | Got a golden rune of Zot
 59929 | Tomb:3   | Got a scorched ruby amulet
 60020 | Tomb:3   | Got an ancient hand crossbow
 60022 | Tomb:3   | Identified the +12 hand crossbow of the Dripping Ass
                  | {vorpal, MR- Dex+6} (You found it on level 3 of the Tomb of
                  | the Ancients)
 60054 | Tomb:3   | Bought a +2 cloak of preservation for 451 gold pieces
 60054 | Tomb:3   | Bought a potion of curing for 63 gold pieces
 60077 | Tomb:3   | Identified the amulet of Jiolaev {RegenMP rC+ Int+2} (You
                  | found it on level 3 of the Tomb of the Ancients)
 60098 | Tomb:3   | Bought a scroll of identify for 60 gold pieces
 60098 | Tomb:3   | Bought a scroll of identify for 60 gold pieces
 60100 | Tomb:3   | Bought a shimmering marble ring for 140 gold pieces
 60100 | Tomb:3   | Bought a scroll of fog for 56 gold pieces
 60102 | Tomb:3   | Identified the ring "Muavin" {EV+4 Str-4 Int+4 Dex+2} (You
                  | bought it in a shop on level 3 of the Tomb of the Ancients)
 60133 | Tomb:3   | Acquired 490 gold pieces
 60134 | Tomb:3   | Acquired the +0 pair of gloves of Autumn {+Blink MP+9 Str-2
                  | Int+8}
 60135 | Tomb:3   | Acquired 1650 gold pieces
 60156 | Zig:1    | Entered Level 1 of a ziggurat
 60194 | Zig:2    | Entered Level 2 of a ziggurat
 60194 | Zig:2    | Noticed Vupro the pandemonium lord
 60206 | Zig:2    | Killed Vupro the pandemonium lord
 60240 | Zig:3    | Entered Level 3 of a ziggurat
 60279 | Zig:4    | Entered Level 4 of a ziggurat
 60326 | Zig:5    | Entered Level 5 of a ziggurat
 60374 | Zig:6    | Entered Level 6 of a ziggurat
 60378 | Zig:6    | Noticed a shard shrike
 60385 | Zig:6    | Killed a shard shrike
 60403 | Zig:6    | Identified the Almanac of Assistive Necromancy
 60408 | Zig:6    | Got a crude tin amulet
 60410 | Zig:6    | Got a pitted silver ring
 60502 | Zig:6    | Identified the amulet of Eternity {Spirit rPois MR+} (You
                  | found it on level 6 of a ziggurat)
 60504 | Zig:6    | Identified the ring of Litof {rElec Str+6} (You found it on
                  | level 6 of a ziggurat)
 60507 | Zig:7    | Entered Level 7 of a ziggurat
 60513 | Zig:7    | Noticed Johnny's ghost (master DgEE)
 60525 | Zig:7    | Reached skill level 10 in Dodging
 60528 | Zig:7    | Killed Johnny's ghost
 60571 | Zig:7    | Got a steaming brass ring
 60576 | Zig:7    | Identified the ring "Uhamiu" {Ice Str+4} (You found it on
                  | level 7 of a ziggurat)
 60610 | Zig:8    | Entered Level 8 of a ziggurat
 60619 | Zig:8    | Noticed a juggernaut
 60621 | Zig:8    | Killed a juggernaut
 60668 | Zig:9    | Entered Level 9 of a ziggurat
 60755 | Zig:10   | Entered Level 10 of a ziggurat
 60817 | Zig:10   | Got a scintillating lapis lazuli ring
 60854 | Zig:11   | Entered Level 11 of a ziggurat
 60864 | Zig:11   | Noticed Bekoprom the pandemonium lord
 60865 | Zig:11   | Noticed a Killer Klown
 60865 | Zig:11   | Noticed Xumyr the pandemonium lord
 60866 | Zig:11   | Noticed Qoiloz the pandemonium lord
 60867 | Zig:11   | Noticed Curat the pandemonium lord
 60871 | Zig:11   | Killed Bekoprom the pandemonium lord
 60878 | Zig:11   | Killed a Killer Klown
 60879 | Zig:11   | Killed Curat the pandemonium lord
 60879 | Zig:11   | Killed Qoiloz the pandemonium lord
 60882 | Zig:11   | Killed Xumyr the pandemonium lord
 60908 | Zig:11   | Got a shimmering wooden ring
 60964 | Zig:12   | Entered Level 12 of a ziggurat
 60975 | Zig:12   | Noticed a juggernaut
 60985 | Zig:12   | Killed a juggernaut
 60986 | Zig:12   | Noticed a juggernaut
 60996 | Zig:12   | Killed a juggernaut
 61057 | Zig:12   | Identified Voloxy's Handbook of Fiery Envenoming
 61091 | Zig:13   | Entered Level 13 of a ziggurat
 61102 | Zig:13   | Reached skill level 15 in Air Magic
 61179 | Zig:13   | Identified the Incunabulum of Poisonous Flames
 61230 | Zig:13   | Learned a level 9 spell: Tornado
 61234 | Zig:14   | Entered Level 14 of a ziggurat
 61248 | Zig:14   | Noticed an ancient lich
 61252 | Zig:14   | Killed an ancient lich
 61295 | Zig:14   | Found the +18 shield of the Gong {rElec rN+ MR+ EV-5}
 61391 | Zig:14   | Identified the ring "Taonk" {rElec MP+9 Str+2 Int+2 Slay-5}
                  | (You found it on level 10 of a ziggurat)
 61393 | Zig:14   | Identified the ring "Hoemyejoti" {rC+ rN+ MR+ Int-4 Dex+2}
                  | (You found it on level 11 of a ziggurat)
 61398 | Zig:15   | Entered Level 15 of a ziggurat
 61460 | Zig:15   | Identified the Papyrus of Cankerous Orientation
 61538 | Zig:16   | Entered Level 16 of a ziggurat
 61632 | Zig:16   | Identified the Guide on the Flamy Frostbite
 61712 | Zig:17   | Entered Level 17 of a ziggurat
 61782 | Zig:17   | Found the +8 demon trident "Rift" {distort, reach+}
 62017 | Zig:18   | Entered Level 18 of a ziggurat
 62047 | Zig:18   | Reached skill level 5 in Stealth
 62050 | Zig:18   | Found the +8 Wrath of Trog {antimagic, *Rage}
 62164 | Zig:18   | Got a fine bone ring
 62238 | Zig:18   | Identified the ring "Xeegh" {*Tele rPois Str+3 Int+3 SInv}
                  | (You found it on level 18 of a ziggurat)
 62240 | Zig:18   | Lost mutation: You are partially covered in molten scales.
                  | (AC +2) [potion of mutation]
 62240 | Zig:18   | Lost mutation: You passively map the area around you.
                  | [potion of mutation]
 62240 | Zig:18   | Lost mutation: You passively map a small area around you.
                  | [potion of mutation]
 62240 | Zig:18   | Gained mutation: You are partially covered in rugged brown
                  | scales. (AC +1, +3% HP) [potion of mutation]
 62240 | Zig:18   | Gained mutation: You possess an exceptional clarity of
                  | mind. [potion of mutation]
 62245 | Zig:18   | Lost mutation: You possess an exceptional clarity of mind.
                  | [potion of mutation]
 62245 | Zig:18   | Lost mutation: You are partially covered in rugged brown
                  | scales. (AC +1, +3% HP) [potion of mutation]
 62245 | Zig:18   | Gained mutation: Your flesh is cold resistant. (rC+)
                  | [potion of mutation]
 62245 | Zig:18   | Gained mutation: Your muscles are strong. (Str +2) [potion
                  | of mutation]
 62245 | Zig:18   | Gained mutation: Your spells are a little harder to cast,
                  | but a little more powerful. [potion of mutation]
 62246 | Zig:18   | Lost mutation: Your muscles are strong. (Str +2) [potion of
                  | mutation]
 62246 | Zig:18   | Lost mutation: Your spells are a little harder to cast, but
                  | a little more powerful. [potion of mutation]
 62246 | Zig:18   | Lost mutation: Your flesh is cold resistant. (rC+) [potion
                  | of mutation]
 62246 | Zig:18   | Gained mutation: Your muscles are strong. (Str +2) [potion
                  | of mutation]
 62246 | Zig:18   | Gained mutation: You expend magic power (3 MP) to
                  | strengthen your wands. [potion of mutation]
 62247 | Zig:18   | Lost mutation: Your muscles are strong. (Str +2) [potion of
                  | mutation]
 62247 | Zig:18   | Lost mutation: You expend magic power (3 MP) to strengthen
                  | your wands. [potion of mutation]
 62247 | Zig:18   | Gained mutation: Your mind is acute. (Int +2) [potion of
                  | mutation]
 62247 | Zig:18   | Gained mutation: Your flesh is heat resistant. (rF+)
                  | [potion of mutation]
 62248 | Zig:18   | Lost mutation: Your mind is acute. (Int +2) [potion of
                  | mutation]
 62248 | Zig:18   | Gained mutation: Your body sometimes deteriorates upon
                  | taking damage. [potion of mutation]
 62248 | Zig:18   | Gained mutation: You are surrounded by a mild repulsion
                  | field. (EV +2) [potion of mutation]
 62249 | Zig:18   | Lost mutation: Your body sometimes deteriorates upon taking
                  | damage. [potion of mutation]
 62249 | Zig:18   | Lost mutation: Your flesh is heat resistant. (rF+) [potion
                  | of mutation]
 62249 | Zig:18   | Gained mutation: You are surrounded by a moderate repulsion
                  | field. (EV +3) [potion of mutation]
 62249 | Zig:18   | Gained mutation: You are partially covered in yellow
                  | scales. (AC +2) [potion of mutation]
 62249 | Zig:18   | Gained mutation: Your muscles are strong. (Str +2) [potion
                  | of mutation]
 62249 | Zig:18   | Gained mutation: You are agile. (Dex +2) [potion of
                  | mutation]
 62257 | Zig:19   | Entered Level 19 of a ziggurat
 62271 | Zig:19   | Noticed an ancient lich
 62275 | Zig:19   | Killed an ancient lich
 62310 | Zig:19   | Identified the Disquisition on Flamy Talismans
 62314 | Zig:19   | Got a steaming wooden ring
 62328 | Zig:19   | Got a bound golden ring
 62466 | Zig:19   | Got a pair of masterwork gloves
 62482 | Zig:19   | Identified the +2 pair of gloves of Lightning Storm {rCorr
                  | SInv} (You found it on level 19 of a ziggurat)
 62496 | Zig:20   | Entered Level 20 of a ziggurat
 62518 | Zig:20   | Reached skill level 10 in Stealth
 62675 | Zig:20   | Got a bound copper amulet
 62755 | Zig:20   | Identified the ring of Camofage {rF+ rC+ Str+6 Stlth+} (You
                  | found it on level 19 of a ziggurat)
 62757 | Zig:20   | Identified the ring "Ytwurog" {rElec EV+4 Dex-3 Stlth+}
                  | (You found it on level 19 of a ziggurat)
 62759 | Zig:20   | Identified the amulet "Geunefax" {RegenMP rC++ Str+3 SInv
                  | Stlth-} (You found it on level 20 of a ziggurat)
 62762 | Zig:20   | Got a translucent troll leather armour
 62773 | Zig:20   | Identified the +4 troll leather armour "Cefy Deshuu" {+Fly
                  | MR+ Regen+ Dex+7 Slay-5} (You found it on level 20 of a
                  | ziggurat)
 62785 | Zig:21   | Entered Level 21 of a ziggurat
 62808 | Zig:21   | Identified the cursed +0 tower shield "Vutaolak" {rPois
                  | Dex-4 Slay+6}
 63049 | Zig:21   | Identified Sorcery, Part Five
 63052 | Zig:21   | Got a smoking jade ring
 63097 | Zig:21   | Identified the ring "Toegumof" {+Blink rF+ MP+9} (You found
                  | it on level 21 of a ziggurat)
 63100 | Zig:22   | Entered Level 22 of a ziggurat
 63119 | Zig:22   | Noticed a greater mummy
 63120 | Zig:22   | Noticed a greater mummy
 63123 | Zig:22   | Noticed a greater mummy
 63123 | Zig:22   | Noticed a greater mummy
 63123 | Zig:22   | Noticed a greater mummy
 63125 | Zig:22   | Noticed a greater mummy
 63126 | Zig:22   | Noticed a greater mummy
 63128 | Zig:22   | Killed a greater mummy
 63129 | Zig:22   | Killed a greater mummy
 63130 | Zig:22   | Killed a greater mummy
 63130 | Zig:22   | Killed a greater mummy
 63130 | Zig:22   | Killed a greater mummy
 63134 | Zig:22   | Killed a greater mummy
 63134 | Zig:22   | Reached skill level 15 in Armour
 63135 | Zig:22   | Killed a greater mummy
 63219 | Zig:22   | Found the +3 sling "Punk" {acid, rCorr}
 63304 | Zig:22   | Got a crude amethyst amulet
 63401 | Zig:22   | Got a pair of ichor-stained gloves
 63426 | Zig:22   | Identified the +1 pair of gloves of the Page of Cups {Str+6
                  | Dex+2} (You found it on level 22 of a ziggurat)
 63444 | Zig:22   | Identified the amulet of the Doge {Reflect MR+ Dex+5 SH+5}
                  | (You found it on level 22 of a ziggurat)
 63459 | Zig:23   | Entered Level 23 of a ziggurat
 63485 | Zig:23   | Noticed an ancient lich
 63485 | Zig:23   | Noticed an ancient lich
 63487 | Zig:23   | Noticed an ancient lich
 63487 | Zig:23   | Noticed an ancient lich
 63488 | Zig:23   | Noticed an ancient lich
 63488 | Zig:23   | Noticed an ancient lich
 63489 | Zig:23   | Killed an ancient lich
 63489 | Zig:23   | Killed an ancient lich
 63489 | Zig:23   | Killed an ancient lich
 63493 | Zig:23   | Killed an ancient lich
 63495 | Zig:23   | Killed an ancient lich
 63496 | Zig:23   | Killed an ancient lich
 63569 | Zig:23   | Identified the Handbook of Stones
 63575 | Zig:23   | Identified the Handbook of the Traveller and Venom
 63728 | Zig:24   | Entered Level 24 of a ziggurat
 63814 | Zig:24   | Found the +10 morningstar "Eos" {elec, Halo rElec}
 63890 | Zig:24   | Identified Agrepho's Almanac of Malediction and Heat
 63903 | Zig:24   | Got a sparkling bone ring
 64067 | Zig:24   | Got a faintly humming troll leather armour
 64079 | Zig:24   | Identified the +1 troll leather armour of Vuemodd {Harm
                  | Regen+} (You found it on level 24 of a ziggurat)
 64090 | Zig:24   | Identified the ring "Ciogio" {*Tele rPois rF+ MR- Int+6}
                  | (You found it on level 24 of a ziggurat)
 64095 | Zig:25   | Entered Level 25 of a ziggurat
 64214 | Zig:25   | Identified the Grimoire of Snow and Black Secrets
 64298 | Zig:25   | Got a twitching copper amulet
 64317 | Zig:25   | Got a steaming marble ring
 64415 | Zig:25   | Got a steaming crystal plate armour
 64430 | Zig:25   | Identified the +7 crystal plate armour "Afoom" {-Cast rPois
                  | rF+ Dex+2} (You found it on level 25 of a ziggurat)
 64452 | Zig:26   | Entered Level 26 of a ziggurat
 64474 | Zig:26   | Noticed a greater mummy
 64475 | Zig:26   | Noticed a greater mummy
 64475 | Zig:26   | Noticed a greater mummy
 64478 | Zig:26   | Noticed a greater mummy
 64478 | Zig:26   | Noticed a greater mummy
 64478 | Zig:26   | Noticed a greater mummy
 64479 | Zig:26   | Noticed a greater mummy
 64480 | Zig:26   | Noticed a greater mummy
 64480 | Zig:26   | Noticed a greater mummy
 64481 | Zig:26   | Noticed a greater mummy
 64482 | Zig:26   | Noticed a greater mummy
 64482 | Zig:26   | Noticed an ancient lich
 64483 | Zig:26   | Noticed a greater mummy
 64483 | Zig:26   | Noticed a greater mummy
 64483 | Zig:26   | Noticed a greater mummy
 64484 | Zig:26   | Killed a greater mummy
 64484 | Zig:26   | Noticed a greater mummy
 64485 | Zig:26   | Killed a greater mummy
 64485 | Zig:26   | Killed a greater mummy
 64485 | Zig:26   | Killed a greater mummy
 64485 | Zig:26   | Killed a greater mummy
 64485 | Zig:26   | Killed a greater mummy
 64485 | Zig:26   | Killed a greater mummy
 64485 | Zig:26   | Noticed a greater mummy
 64488 | Zig:26   | Killed a greater mummy
 64489 | Zig:26   | Killed a greater mummy
 64489 | Zig:26   | Killed a greater mummy
 64490 | Zig:26   | Killed a greater mummy
 64490 | Zig:26   | Killed a greater mummy
 64490 | Zig:26   | Killed an ancient lich
 64490 | Zig:26   | Killed a greater mummy
 64490 | Zig:26   | Killed a greater mummy
 64490 | Zig:26   | Killed a greater mummy
 64493 | Zig:26   | Killed a greater mummy
 64494 | Zig:26   | Found the +1 cloak of Starlight {rElec rC+ EV+4 Stlth--}
 64561 | Zig:26   | Found the +3 robe of Clouds {+Thunder rCloud rElec}
 64632 | Zig:26   | Got a scorched silver amulet
 64639 | Zig:26   | Got a twitching granite ring
 64645 | Zig:26   | Identified the amulet "Yles" {Acrobat Int+4 Slay+2} (You
                  | found it on level 25 of a ziggurat)
 64647 | Zig:26   | Identified the amulet of Mukhuatu {Regen+ Int+3} (You found
                  | it on level 26 of a ziggurat)
 64649 | Zig:26   | Identified the ring of Plog {Slay+4 SInv} (You found it on
                  | level 25 of a ziggurat)
 64651 | Zig:26   | Identified the ring "Maas" {*Tele rPois Int+6 Slay-3
                  | Stlth+} (You found it on level 26 of a ziggurat)
 64846 | Zig:27   | Entered Level 27 of a ziggurat
 64985 | Zig:27   | HP: 9/190 [the Majin-Bo (9)]
 65311 | Zig:27   | Found the +7 Spriggan's Knife {stab, EV+4 Stlth+}
 65324 | Zig:27   | Identified the Papyrus of Cold
 65394 | Tomb:3   | Learned a level 6 spell: Darkness
 65409 | Zig:1    | Entered Level 1 of a ziggurat
 65428 | Zig:2    | Entered Level 2 of a ziggurat
 65428 | Zig:2    | Noticed a Killer Klown
 65432 | Zig:2    | Killed a Killer Klown
 65467 | Zig:3    | Entered Level 3 of a ziggurat
 65507 | Zig:4    | Entered Level 4 of a ziggurat
 65507 | Zig:4    | Noticed a Killer Klown
 65507 | Zig:4    | Noticed a Killer Klown
 65512 | Zig:4    | Killed a Killer Klown
 65512 | Zig:4    | Killed a Killer Klown
 65536 | Zig:5    | Entered Level 5 of a ziggurat
 65585 | Zig:6    | Entered Level 6 of a ziggurat
 65591 | Zig:6    | Reached skill level 27 in Air Magic
 65591 | Zig:6    | Reached skill level 5 in Hexes
 65651 | Zig:7    | Entered Level 7 of a ziggurat
 65653 | Zig:7    | Noticed a juggernaut
 65655 | Zig:7    | Noticed a juggernaut
 65658 | Zig:7    | Killed a juggernaut
 65660 | Zig:7    | Killed a juggernaut
 65682 | Zig:7    | Got a warped amber ring
 65863 | Zig:8    | Entered Level 8 of a ziggurat
 65869 | Zig:8    | Noticed an ancient lich
 65872 | Zig:8    | Killed an ancient lich
 65872 | Zig:8    | Reached skill level 15 in Dodging
 65887 | Zig:8    | Identified the Disquisition on Curses and Transmutation
 65945 | Zig:9    | Entered Level 9 of a ziggurat
 65952 | Zig:9    | Noticed a shard shrike
 65952 | Zig:9    | Noticed a shard shrike
 65953 | Zig:9    | Found the +3 pair of gauntlets of War {Slay+5}
 65954 | Zig:9    | Noticed a shard shrike
 65957 | Zig:9    | Killed a shard shrike
 65957 | Zig:9    | Killed a shard shrike
 65958 | Zig:9    | Killed a shard shrike
 66000 | Zig:9    | Identified the Reference Book on Unstable Feathers
 66032 | Zig:10   | Entered Level 10 of a ziggurat
 66042 | Zig:10   | Found the amulet of the Four Winds {rN+ MR+++ Clar}
 66042 | Zig:10   | Noticed kalagan's ghost (legendary GrFi)
 66042 | Zig:10   | Noticed DildoBatman's ghost (legendary FoWz)
 66072 | Zig:10   | Reached skill level 10 in Hexes
 66074 | Zig:10   | Killed DildoBatman's ghost
 66084 | Zig:10   | Killed kalagan's ghost
 66090 | Zig:10   | Learned a level 4 spell: Dispel Undead
 66153 | Zig:10   | Identified the ring of Temperance {rF+ Int+6 SInv} (You
                  | found it on level 7 of a ziggurat)
 66170 | Zig:11   | Entered Level 11 of a ziggurat
 66287 | Zig:11   | Identified the Almanac of Flight and Confrontation
 66306 | Zig:11   | Lost mutation: Your muscles are strong. (Str +2) [potion of
                  | mutation]
 66306 | Zig:11   | Lost mutation: You are agile. (Dex +2) [potion of mutation]
 66306 | Zig:11   | Lost mutation: You are partially covered in yellow scales.
                  | (AC +2) [potion of mutation]
 66306 | Zig:11   | Gained mutation: You are dopey. (Int -2) [potion of
                  | mutation]
 66306 | Zig:11   | Gained mutation: You expend magic power (3 MP) to
                  | strengthen your wands. [potion of mutation]
 66306 | Zig:11   | Gained mutation: You are resistant to hostile enchantments.
                  | (MR+) [potion of mutation]
 66306 | Zig:11   | Gained mutation: Your flesh is heat resistant. (rF+)
                  | [potion of mutation]
 66307 | Zig:11   | Lost mutation: You expend magic power (3 MP) to strengthen
                  | your wands. [potion of mutation]
 66307 | Zig:11   | Gained mutation: You are frail. (-10% HP) [potion of
                  | mutation]
 66307 | Zig:11   | Gained mutation: You possess an exceptional clarity of
                  | mind. [potion of mutation]
 66308 | Zig:11   | Lost mutation: You are frail. (-10% HP) [potion of
                  | mutation]
 66308 | Zig:11   | Lost mutation: You possess an exceptional clarity of mind.
                  | [potion of mutation]
 66308 | Zig:11   | Gained mutation: You are very dopey. (Int -4) [potion of
                  | mutation]
 66308 | Zig:11   | Gained mutation: You expend magic power (3 MP) to
                  | strengthen your wands. [potion of mutation]
 66308 | Zig:11   | Gained mutation: You are partially covered in large bone
                  | plates. (SH +4) [potion of mutation]
 66309 | Zig:11   | Lost mutation: You are resistant to hostile enchantments.
                  | (MR+) [potion of mutation]
 66309 | Zig:11   | Lost mutation: You are surrounded by a moderate repulsion
                  | field. (EV +3) [potion of mutation]
 66309 | Zig:11   | Lost mutation: You are very dopey. (Int -4) [potion of
                  | mutation]
 66309 | Zig:11   | Gained mutation: Scrolls take you a little longer to read.
                  | [potion of mutation]
 66309 | Zig:11   | Gained mutation: You have an increased reservoir of magic.
                  | (+10% MP) [potion of mutation]
 66310 | Zig:11   | Lost mutation: You are dopey. (Int -2) [potion of mutation]
 66310 | Zig:11   | Lost mutation: Scrolls take you a little longer to read.
                  | [potion of mutation]
 66310 | Zig:11   | Gained mutation: You are surrounded by a moderate repulsion
                  | field. (EV +3) [potion of mutation]
 66310 | Zig:11   | Gained mutation: You have sharp toenails. [potion of
                  | mutation]
 66386 | Zig:12   | Entered Level 12 of a ziggurat
 66395 | Zig:12   | Noticed a shard shrike
 66401 | Zig:12   | Killed a shard shrike
 66403 | Zig:12   | Found the +7 Singing Sword {vorpal, sonic wave}
 66435 | Zig:12   | Identified the Handbook of the Arsonist
 66460 | Zig:12   | Got a glittering lapis lazuli ring
 66526 | Zig:12   | Identified the ring "Lyiles" {Wiz rPois rN+ MR+ Int+2} (You
                  | found it on level 12 of a ziggurat)
 66528 | Zig:13   | Entered Level 13 of a ziggurat
 66544 | Zig:13   | Reached skill level 1 in Throwing
 66585 | Zig:13   | Got a fine lead ring
 66673 | Zig:14   | Entered Level 14 of a ziggurat
 66750 | Zig:14   | Identified the Tome of Dislocated Black Magic
 66848 | Zig:15   | Entered Level 15 of a ziggurat
 66862 | Zig:15   | Reached skill level 5 in Throwing
 66918 | Zig:15   | Identified the Handbook of Burning Toxins
 67023 | Zig:16   | Entered Level 16 of a ziggurat
 67035 | Zig:16   | Noticed a shard shrike
 67035 | Zig:16   | Noticed a shard shrike
 67037 | Zig:16   | Noticed a shard shrike
 67037 | Zig:16   | Noticed a shard shrike
 67039 | Zig:16   | Killed a shard shrike
 67039 | Zig:16   | Noticed a shard shrike
 67040 | Zig:16   | Killed a shard shrike
 67041 | Zig:16   | Killed a shard shrike
 67042 | Zig:16   | Killed a shard shrike
 67043 | Zig:16   | Killed a shard shrike
 67098 | Zig:16   | Got a wavering marble ring
 67188 | Zig:17   | Entered Level 17 of a ziggurat
 67211 | Zig:17   | Found the +2 hood of the Assassin {Detection Stab+ Stlth++}
 67448 | Zig:17   | Reached skill level 15 in Stealth
 67452 | Zig:18   | Entered Level 18 of a ziggurat
 67462 | Zig:18   | Noticed an orb of fire
 67463 | Zig:18   | Noticed an orb of fire
 67463 | Zig:18   | Noticed an orb of fire
 67469 | Zig:18   | Killed an orb of fire
 67469 | Zig:18   | Killed an orb of fire
 67469 | Zig:18   | Reached skill level 10 in Throwing
 67470 | Zig:18   | Killed an orb of fire
 67481 | Zig:18   | Noticed an orb of fire
 67486 | Zig:18   | Noticed an orb of fire
 67492 | Zig:18   | Noticed an orb of fire
 67494 | Zig:18   | Killed an orb of fire
 67495 | Zig:18   | Noticed an orb of fire
 67500 | Zig:18   | Killed an orb of fire
 67500 | Zig:18   | Noticed an orb of fire
 67502 | Zig:18   | Killed an orb of fire
 67504 | Zig:18   | Killed an orb of fire
 67504 | Zig:18   | Killed an orb of fire
 67512 | Zig:18   | Noticed an orb of fire
 67513 | Zig:18   | Noticed an orb of fire
 67514 | Zig:18   | Noticed an orb of fire
 67517 | Zig:18   | Killed an orb of fire
 67518 | Zig:18   | Killed an orb of fire
 67518 | Zig:18   | Killed an orb of fire
 67712 | Zig:18   | Found the ring of Robustness {AC+8}
 67770 | Zig:18   | Identified the ring of the Final Leaping Mice {MP+9 Str+2
                  | Dex+4} (You found it on level 13 of a ziggurat)
 67773 | Zig:18   | Identified the ring of Wiwelin {rF+++ MR- Int+6} (You found
                  | it on level 16 of a ziggurat)
 67787 | Zig:18   | Reached skill level 15 in Evocations
 67794 | Zig:19   | Entered Level 19 of a ziggurat
 68123 | Zig:20   | Entered Level 20 of a ziggurat
 68134 | Zig:20   | Noticed a Killer Klown
 68135 | Zig:20   | Noticed Nytaiso the pandemonium lord
 68152 | Zig:20   | Killed Nytaiso the pandemonium lord
 68159 | Zig:20   | Killed a Killer Klown
 68162 | Zig:20   | Noticed Ippexar the pandemonium lord
 68175 | Zig:20   | Noticed a Killer Klown
 68178 | Zig:20   | Noticed Jenoikhyus the pandemonium lord
 68179 | Zig:20   | Noticed a Killer Klown
 68180 | Zig:20   | Noticed Koyshropn the pandemonium lord
 68183 | Zig:20   | Killed Ippexar the pandemonium lord
 68185 | Zig:20   | Killed Jenoikhyus the pandemonium lord
 68186 | Zig:20   | Noticed Gazij the pandemonium lord
 68189 | Zig:20   | Noticed Gatyaz Poxi the pandemonium lord
 68192 | Zig:20   | Noticed Rayb the pandemonium lord
 68192 | Zig:20   | Noticed a Killer Klown
 68194 | Zig:20   | Killed a Killer Klown
 68194 | Zig:20   | Noticed a Killer Klown
 68196 | Zig:20   | Killed Gatyaz Poxi the pandemonium lord
 68197 | Zig:20   | Killed Gazij the pandemonium lord
 68197 | Zig:20   | Killed a Killer Klown
 68197 | Zig:20   | Noticed Vareysaz the pandemonium lord
 68198 | Zig:20   | Killed a Killer Klown
 68199 | Zig:20   | Killed a Killer Klown
 68199 | Zig:20   | Killed Rayb the pandemonium lord
 68199 | Zig:20   | Killed Koyshropn the pandemonium lord
 68199 | Zig:20   | Noticed a Killer Klown
 68201 | Zig:20   | Noticed Niupraul the pandemonium lord
 68210 | Zig:20   | Killed Niupraul the pandemonium lord
 68211 | Zig:20   | Killed Vareysaz the pandemonium lord
 68211 | Zig:20   | Killed a Killer Klown
 68432 | Zig:21   | Entered Level 21 of a ziggurat
 68460 | Zig:21   | Found the cursed +14 obsidian axe {vorpal, +Fly SInv
                  | *Curse}
 68460 | Zig:21   | Reached skill level 15 in Fighting
 68529 | Zig:21   | Got an ancient silver ring
 68700 | Zig:22   | Entered Level 22 of a ziggurat
 69001 | Zig:22   | Identified the ring "Nige" {rElec Dex+6 Slay+3} (You found
                  | it on level 21 of a ziggurat)
 69009 | Zig:23   | Entered Level 23 of a ziggurat
 69248 | Zig:23   | Got a glittering lapis lazuli ring
 69253 | Zig:23   | Got a crude pewter ring
 69329 | Zig:24   | Entered Level 24 of a ziggurat
 69353 | Zig:24   | Reached skill level 15 in Throwing
 69357 | Zig:24   | Found the ring of the Mage {Wiz MR++ Int+3}
 69642 | Zig:24   | Identified the ring "Tunues" {rPois rF+ Str+6} (You found
                  | it on level 23 of a ziggurat)
 69644 | Zig:24   | Identified the ring of Lyutu {Wiz rElec Str-4 Int+7} (You
                  | found it on level 23 of a ziggurat)
 69664 | Zig:24   | Identified a +0 pair of boots of running (You found it on
                  | level 24 of a ziggurat)
 69682 | Zig:25   | Entered Level 25 of a ziggurat
 69698 | Zig:25   | Noticed a juggernaut
 69703 | Zig:25   | Noticed a juggernaut
 69703 | Zig:25   | Killed a juggernaut
 69704 | Zig:25   | Noticed a juggernaut
 69708 | Zig:25   | Killed a juggernaut
 69714 | Zig:25   | Killed a juggernaut
 69928 | Zig:25   | Identified Sif Muna's Collected Works on Dislocated
                  | Confrontation
 69931 | Zig:25   | Got a wavering steel ring
 69943 | Zig:25   | Got a wavering bronze ring
 69962 | Zig:25   | Identified the ring "Dateurph" {Wiz Str+4} (You found it on
                  | level 25 of a ziggurat)
 69986 | Zig:25   | Identified the ring of Fixation {*Corrode Str+5 Stlth-}
                  | (You found it on level 25 of a ziggurat)
 70082 | Zig:26   | Entered Level 26 of a ziggurat
 70096 | Zig:26   | Noticed a greater mummy
 70098 | Zig:26   | Noticed a greater mummy
 70098 | Zig:26   | Noticed a greater mummy
 70099 | Zig:26   | Noticed a greater mummy
 70102 | Zig:26   | Noticed a greater mummy
 70102 | Zig:26   | Noticed a greater mummy
 70103 | Zig:26   | Noticed a greater mummy
 70103 | Zig:26   | Killed a greater mummy
 70103 | Zig:26   | Noticed a greater mummy
 70104 | Zig:26   | Killed a greater mummy
 70104 | Zig:26   | Killed a greater mummy
 70104 | Zig:26   | Noticed a greater mummy
 70106 | Zig:26   | Killed a greater mummy
 70106 | Zig:26   | Noticed a greater mummy
 70106 | Zig:26   | Noticed a greater mummy
 70107 | Zig:26   | Killed a greater mummy
 70107 | Zig:26   | Noticed a greater mummy
 70109 | Zig:26   | Noticed a greater mummy
 70116 | Zig:26   | Noticed a greater mummy
 70117 | Zig:26   | Noticed a greater mummy
 70118 | Zig:26   | Killed a greater mummy
 70118 | Zig:26   | Killed a greater mummy
 70118 | Zig:26   | Noticed a greater mummy
 70118 | Zig:26   | Noticed a greater mummy
 70120 | Zig:26   | Killed a greater mummy
 70121 | Zig:26   | Killed a greater mummy
 70121 | Zig:26   | Killed a greater mummy
 70126 | Zig:26   | Killed a greater mummy
 70126 | Zig:26   | Killed a greater mummy
 70126 | Zig:26   | Noticed a greater mummy
 70129 | Zig:26   | Killed a greater mummy
 70129 | Zig:26   | Killed a greater mummy
 70129 | Zig:26   | Killed a greater mummy
 70131 | Zig:26   | Killed a greater mummy
 70133 | Zig:26   | Killed a greater mummy
 70141 | Zig:26   | Killed a greater mummy
 70233 | Zig:26   | Found the +5 scythe "Finisher" {speed, eviscerate}
 70363 | Zig:26   | Identified the Papyrus of the Entourage
 70378 | Zig:26   | Identified the Handbook of Toxic Enchantment
 70513 | Zig:27   | Entered Level 27 of a ziggurat
 70526 | Zig:27   | Noticed an ancient lich
 70526 | Zig:27   | Noticed an ancient lich
 70526 | Zig:27   | Noticed an ancient lich
 70526 | Zig:27   | Noticed an ancient lich
 70531 | Zig:27   | Noticed an ancient lich
 70534 | Zig:27   | Noticed an ancient lich
 70535 | Zig:27   | Killed an ancient lich
 70535 | Zig:27   | Killed an ancient lich
 70535 | Zig:27   | Noticed an ancient lich
 70536 | Zig:27   | Killed an ancient lich
 70536 | Zig:27   | Killed an ancient lich
 70536 | Zig:27   | Killed an ancient lich
 70536 | Zig:27   | Killed an ancient lich
 70536 | Zig:27   | Killed an ancient lich
 70536 | Zig:27   | Noticed an ancient lich
 70536 | Zig:27   | Noticed an ancient lich
 70545 | Zig:27   | Killed an ancient lich
 70545 | Zig:27   | Killed an ancient lich
 70597 | Zig:27   | Got a vibrating copper amulet
 70615 | Zig:27   | Identified the Volume of Malediction and Protection
 70866 | Zig:27   | Identified the amulet "Teohe" {Reflect rElec rC- rN+++
                  | Str+4 SH+5} (You found it on level 27 of a ziggurat)
 70895 | Zig:1    | Entered Level 1 of a ziggurat
 70918 | Zig:2    | Entered Level 2 of a ziggurat
 70997 | Zig:3    | Entered Level 3 of a ziggurat
 70999 | Zig:3    | Noticed Feffimoc the pandemonium lord
 71005 | Zig:3    | Killed Feffimoc the pandemonium lord
 71045 | Zig:4    | Entered Level 4 of a ziggurat
 71101 | Zig:5    | Entered Level 5 of a ziggurat
 71165 | Zig:6    | Entered Level 6 of a ziggurat
 71170 | Zig:6    | Noticed Sooch the pandemonium lord
 71177 | Zig:6    | Killed Sooch the pandemonium lord
 71369 | Zig:7    | Entered Level 7 of a ziggurat
 71426 | Zig:7    | Got a flickering tin amulet
 71428 | Zig:7    | Got a warped zirconium amulet
 71439 | Zig:8    | Entered Level 8 of a ziggurat
 71494 | Zig:8    | Identified the Almanac of the Hills
 71520 | Zig:8    | Identified the Reference Book on the Rocks and Flight
 71525 | Zig:8    | Identified the amulet "Fewes" {Inacc Str-3 Dex+9} (You
                  | found it on level 7 of a ziggurat)
 71527 | Zig:8    | Identified the amulet of Erghotus {RegenMP Dex+2 Slay+3
                  | Stlth+} (You found it on level 7 of a ziggurat)
 71538 | Zig:9    | Entered Level 9 of a ziggurat
 71547 | Zig:9    | Noticed Tijetuz the pandemonium lord
 71547 | Zig:9    | Noticed a Killer Klown
 71547 | Zig:9    | Noticed Diogaul the pandemonium lord
 71547 | Zig:9    | Noticed Guttidan the pandemonium lord
 71547 | Zig:9    | Noticed Zipiyfeq the pandemonium lord
 71548 | Zig:9    | Noticed a Killer Klown
 71548 | Zig:9    | Noticed Ihocud the pandemonium lord
 71549 | Zig:9    | Noticed a Killer Klown
 71549 | Zig:9    | Noticed a Killer Klown
 71549 | Zig:9    | Noticed Zuhamufu the pandemonium lord
 71550 | Zig:9    | Noticed a Killer Klown
 71553 | Zig:9    | Killed a Killer Klown
 71553 | Zig:9    | Killed a Killer Klown
 71553 | Zig:9    | Killed Diogaul the pandemonium lord
 71553 | Zig:9    | Killed Guttidan the pandemonium lord
 71553 | Zig:9    | Killed a Killer Klown
 71554 | Zig:9    | Killed Tijetuz the pandemonium lord
 71554 | Zig:9    | Killed a Killer Klown
 71554 | Zig:9    | Killed a Killer Klown
 71558 | Zig:9    | Killed Ihocud the pandemonium lord
 71560 | Zig:9    | Killed Zipiyfeq the pandemonium lord
 71560 | Zig:9    | Killed Zuhamufu the pandemonium lord
 71591 | Zig:9    | Identified Sif Muna's Catalogue of the Birds and Necromancy
 71640 | Zig:10   | Entered Level 10 of a ziggurat
 71648 | Zig:10   | Noticed an ancient lich
 71649 | Zig:10   | Noticed an ancient lich
 71650 | Zig:10   | Noticed an ancient lich
 71651 | Zig:10   | Noticed an ancient lich
 71654 | Zig:10   | Killed an ancient lich
 71654 | Zig:10   | Killed an ancient lich
 71654 | Zig:10   | Killed an ancient lich
 71654 | Zig:10   | Killed an ancient lich
 71680 | Zig:10   | Got a twitching zirconium amulet
 71683 | Zig:10   | Identified the Incunabulum of the Eggplant
 71700 | Zig:10   | Got a wavering steel amulet
 71743 | Zig:11   | Entered Level 11 of a ziggurat
 71753 | Zig:11   | Noticed Koadug the pandemonium lord
 71753 | Zig:11   | Noticed Feihossu the pandemonium lord
 71753 | Zig:11   | Noticed a Killer Klown
 71754 | Zig:11   | Noticed a Killer Klown
 71754 | Zig:11   | Noticed Umuc the pandemonium lord
 71755 | Zig:11   | Noticed a Killer Klown
 71755 | Zig:11   | Noticed a Killer Klown
 71760 | Zig:11   | Killed a Killer Klown
 71760 | Zig:11   | Killed Feihossu the pandemonium lord
 71760 | Zig:11   | Killed a Killer Klown
 71760 | Zig:11   | Killed a Killer Klown
 71761 | Zig:11   | Killed a Killer Klown
 71761 | Zig:11   | Killed Umuc the pandemonium lord
 71767 | Zig:11   | Killed Koadug the pandemonium lord
 71807 | Zig:11   | Got a slimy pewter amulet
 71859 | Zig:12   | Entered Level 12 of a ziggurat
 71970 | Zig:12   | Got a clouded silver ring
 71973 | Zig:12   | Identified the Disquisition on Harmful Weightlessness
 71980 | Zig:12   | Got a clouded copper ring
 72016 | Zig:13   | Entered Level 13 of a ziggurat
 72070 | Zig:13   | Identified Leptil's Papyrus of Malediction and
                  | Weightlessness
 72110 | Zig:13   | Identified the amulet of Uczaop {Reflect rN+ SH+5} (You
                  | found it on level 10 of a ziggurat)
 72112 | Zig:13   | Identified the amulet "Dipuph" {Inacc +Inv} (You found it
                  | on level 10 of a ziggurat)
 72114 | Zig:13   | Identified the amulet "Oshreweo" {Acrobat rC+ Slay+2} (You
                  | found it on level 11 of a ziggurat)
 72116 | Zig:13   | Identified the ring "Safri" {rC+ rN++ Dex+6} (You found it
                  | on level 12 of a ziggurat)
 72118 | Zig:13   | Identified the ring of Pycwanin {rF- rC++ Int+5 SInv} (You
                  | found it on level 12 of a ziggurat)
 72159 | Zig:13   | Got a coiled silver ring
 72163 | Zig:13   | Got a glimmering cloak
 72185 | Zig:13   | Identified the ring "Mupar" {+Blink MR- Str+3 Int+8 SInv}
                  | (You found it on level 13 of a ziggurat)
 72197 | Zig:13   | Identified the +2 cloak of the Lich-sworn {Int+4} (You
                  | found it on level 13 of a ziggurat)
 72255 | Zig:14   | Entered Level 14 of a ziggurat
 72267 | Zig:14   | Noticed a juggernaut
 72271 | Zig:14   | Noticed a juggernaut
 72271 | Zig:14   | Noticed a juggernaut
 72279 | Zig:14   | Killed a juggernaut
 72282 | Zig:14   | Killed a juggernaut
 72288 | Zig:14   | Killed a juggernaut
 72402 | Zig:14   | Got a sparkling tin amulet
 72450 | Zig:15   | Entered Level 15 of a ziggurat
 72457 | Zig:15   | Noticed an ancient lich
 72461 | Zig:15   | Noticed an ancient lich
 72462 | Zig:15   | Killed an ancient lich
 72463 | Zig:15   | Noticed an ancient lich
 72464 | Zig:15   | Killed an ancient lich
 72467 | Zig:15   | Killed an ancient lich
 72531 | Zig:15   | Got a scintillating graven amulet
 72634 | Zig:15   | Got a clouded graven amulet
 72647 | Zig:15   | Identified the amulet of Xom's Wantonness {rElec Regen+}
                  | (You found it on level 14 of a ziggurat)
 72649 | Zig:15   | Identified the amulet of Azodd {+Fly rF+ Regen+} (You found
                  | it on level 15 of a ziggurat)
 72652 | Zig:15   | Identified the amulet of the Lumpy Thickets {rElec rF+ rC-
                  | Regen+ SInv} (You found it on level 15 of a ziggurat)
 72681 | Zig:16   | Entered Level 16 of a ziggurat
 72698 | Zig:16   | Reached skill level 27 in Shields
 72767 | Zig:16   | Found the +8 trident of the Octopus King {venom, rElec
                  | rPois MR+}
 72835 | Zig:16   | Identified the Tome of the Blaze and Enhancements
 72848 | Zig:16   | Got a sparkling iron ring
 72883 | Zig:17   | Entered Level 17 of a ziggurat
 72899 | Zig:17   | Noticed an ancient lich
 72903 | Zig:17   | Noticed an ancient lich
 72907 | Zig:17   | Killed an ancient lich
 72922 | Zig:17   | Killed an ancient lich
 73044 | Zig:17   | Identified the Volume of Dusty Augmentations
 73065 | Zig:17   | Identified the Almanac of the Glacier
 73118 | Zig:18   | Entered Level 18 of a ziggurat
 73143 | Zig:18   | Found the +3 warlock's mirror {reflect}
 73144 | Zig:18   | Reached skill level 27 in Armour
 73146 | Zig:18   | Reached skill level 10 in Conjurations
 73182 | Zig:18   | Identified the Grimoire of the Mountains and the Frostbite
 73258 | Zig:18   | Identified the Papyrus of Twisted Poisoning
 73331 | Zig:19   | Entered Level 19 of a ziggurat
 73590 | Zig:20   | Entered Level 20 of a ziggurat
 73610 | Zig:20   | Noticed an ancient lich
 73611 | Zig:20   | Noticed an ancient lich
 73612 | Zig:20   | Noticed an ancient lich
 73612 | Zig:20   | Noticed an ancient lich
 73613 | Zig:20   | Found the +7 great mace "Firestarter" {inner flame, rF++}
 73614 | Zig:20   | Noticed an ancient lich
 73616 | Zig:20   | Killed an ancient lich
 73616 | Zig:20   | Killed an ancient lich
 73618 | Zig:20   | Killed an ancient lich
 73621 | Zig:20   | Killed an ancient lich
 73631 | Zig:20   | Killed an ancient lich
 73679 | Zig:20   | Found the +7 great mace "Undeadhunter" {disrupt, rN+}
 73838 | Zig:21   | Entered Level 21 of a ziggurat
 73872 | Zig:21   | Found the +9 scales of the Dragon King {rPois rF+ rC+ MR+}
 74160 | Zig:21   | Identified the ring "Alaog" {rF+ Dex+3} (You found it on
                  | level 16 of a ziggurat)
 74176 | Zig:22   | Entered Level 22 of a ziggurat
 74203 | Zig:22   | Noticed Jiwat the pandemonium lord
 74207 | Zig:22   | Reached skill level 27 in Stealth
 74209 | Zig:22   | Killed Jiwat the pandemonium lord
 74238 | Zig:22   | Found the +10 tower shield of Ignorance {rN+ Int-4}
 74415 | Zig:22   | Got a glittering bronze ring
 74417 | Zig:22   | Got a shimmering glass ring
 74490 | Zig:23   | Entered Level 23 of a ziggurat
 74544 | Zig:23   | Found the +2 cloak of the Thief {+Fog Slay-2 SInv Stlth+}
 74561 | Zig:23   | Got a scintillating jade ring
 74916 | Zig:23   | Identified the ring of Nasoh {*Corrode +Inv rPois rF++ MR+}
                  | (You found it on level 22 of a ziggurat)
 74918 | Zig:23   | Identified the ring "Qubiabab" {rCorr MP-9 Str+4 Stlth+}
                  | (You found it on level 22 of a ziggurat)
 74920 | Zig:23   | Identified the ring "Hecveo" {*Tele rElec MR+ Int-3 Dex+5}
                  | (You found it on level 23 of a ziggurat)
 74933 | Zig:24   | Entered Level 24 of a ziggurat
 75006 | Zig:24   | Found the +7 sceptre of Torment {pain, torment}
 75130 | Zig:24   | Found the ring of Shadows {Umbra +Inv Stlth+}
 75219 | Zig:24   | Got a serpentine turquoise ring
 75220 | Zig:24   | Identified the Collected Works on Clay and Displacement
 75236 | Zig:24   | Got a clouded amber ring
 75342 | Zig:25   | Entered Level 25 of a ziggurat
 75375 | Zig:25   | Reached skill level 15 in Conjurations
 75547 | Zig:25   | Identified the Grimoire of Earth
 75556 | Zig:25   | Identified the Tome of the Flying Rocks
 75679 | Zig:26   | Entered Level 26 of a ziggurat
 75695 | Zig:26   | Noticed a shard shrike
 75695 | Zig:26   | Noticed a shard shrike
 75696 | Zig:26   | Noticed a shard shrike
 75697 | Zig:26   | Noticed a shard shrike
 75697 | Zig:26   | Noticed a shard shrike
 75698 | Zig:26   | Noticed a shard shrike
 75700 | Zig:26   | Noticed a shard shrike
 75701 | Zig:26   | Killed a shard shrike
 75701 | Zig:26   | Killed a shard shrike
 75701 | Zig:26   | Noticed a shard shrike
 75701 | Zig:26   | Noticed a shard shrike
 75702 | Zig:26   | Killed a shard shrike
 75702 | Zig:26   | Killed a shard shrike
 75703 | Zig:26   | Killed a shard shrike
 75703 | Zig:26   | Killed a shard shrike
 75703 | Zig:26   | Noticed a shard shrike
 75704 | Zig:26   | Killed a shard shrike
 75705 | Zig:26   | Noticed a shard shrike
 75706 | Zig:26   | Noticed a shard shrike
 75707 | Zig:26   | Killed a shard shrike
 75707 | Zig:26   | Noticed a shard shrike
 75712 | Zig:26   | Killed a shard shrike
 75717 | Zig:26   | Reached skill level 27 in Spellcasting
 75717 | Zig:26   | Killed a shard shrike
 75717 | Zig:26   | Noticed a shard shrike
 75719 | Zig:26   | Killed a shard shrike
 75720 | Zig:26   | Killed a shard shrike
 75723 | Zig:26   | Noticed a shard shrike
 75729 | Zig:26   | Killed a shard shrike
 75733 | Zig:26   | Killed a shard shrike
 75733 | Zig:26   | Killed a shard shrike
 75760 | Zig:26   | Noticed a shard shrike
 75763 | Zig:26   | Noticed a shard shrike
 75772 | Zig:26   | Killed a shard shrike
 75772 | Zig:26   | Killed a shard shrike
 75774 | Zig:26   | Noticed a shard shrike
 75781 | Zig:26   | Noticed a shard shrike
 75786 | Zig:26   | Killed a shard shrike
 75786 | Zig:26   | Killed a shard shrike
 75839 | Zig:26   | Noticed a shard shrike
 75844 | Zig:26   | Killed a shard shrike
 75994 | Zig:26   | Identified the Disquisition on the Congealing Arsonist
 75997 | Zig:26   | Got a bound lapis lazuli ring
 75999 | Zig:26   | Got a slimy iron ring
 76021 | Zig:26   | Identified the Guide on the Entrancing Arsonist
 76023 | Zig:26   | Identified Sydothru's Compendium of Earthen Weightlessness
 76098 | Zig:27   | Entered Level 27 of a ziggurat
 76377 | Zig:27   | Identified Sif Muna's Collected Works on Earth and Stolen
                  | Souls
 76437 | Zig:27   | Identified the Papyrus of Protection and Attacks
 76548 | Tomb:3   | Identified the ring of Qazlal's Hatred {Str+3 Dex-2 Stlth+}
                  | (You found it on level 24 of a ziggurat)
 76550 | Tomb:3   | Identified the ring "Faonicyn" {rElec Dex+6} (You found it
                  | on level 24 of a ziggurat)
 76552 | Tomb:3   | Identified the ring of Wouhahuj {Fire *Corrode +Blink MR+}
                  | (You found it on level 26 of a ziggurat)
 76554 | Tomb:3   | Identified the ring "Qogai" {Wiz rF+++ MR+ Str+3 Slay-3}
                  | (You found it on level 26 of a ziggurat)
 76978 | Slime:1  | Entered Level 1 of the Pits of Slime
 76982 | Slime:1  | You fall into a shaft and drop 1 floor!
 77020 | Slime:2  | You fall into a shaft and drop 1 floor!
 77023 | Slime:3  | You fall into a shaft and drop 1 floor!
 77026 | Slime:4  | You fall into a shaft and drop 1 floor!
 77026 | Slime:5  | Entered Level 5 of the Pits of Slime
 77033 | Slime:5  | Noticed the Royal Jelly
 77053 | Slime:5  | Killed the Royal Jelly
 77063 | Slime:5  | Reached skill level 27 in Evocations
 77068 | Slime:5  | Found the +3 salamander hide armour {+Rage rF++}
 77113 | Slime:5  | Found the +9 staff of Wucad Mu {channel}
 77221 | Slime:5  | Got a slimy rune of Zot
 77244 | Slime:5  | Got a sparkling platinum amulet
 77337 | Slime:5  | Identified the amulet of Doubts {Reflect MR+ SH+5} (You
                  | found it on level 5 of the Pits of Slime)
 78269 | Depths:1 | Entered Level 1 of the Depths
 78274 | Depths:1 | You fall into a shaft and drop 1 floor!
 78278 | Depths:2 | You fall into a shaft and drop 1 floor!
 78278 | Depths:3 | Found a one-way gate leading to the halls of Pandemonium.
 78281 | Depths:3 | You fall into a shaft and drop 2 floors!
 78281 | Depths:5 | Entered Level 5 of the Depths
 78391 | Depths:4 | Reached skill level 15 in Hexes
 78394 | Depths:4 | Identified the cursed +1 triple sword of the Insatiable
                  | Xalams {flame, rElec}
 78471 | Depths:4 | Got a vibrating steel ring
 78551 | Pan      | Entered Pandemonium
 78574 | Pan      | Noticed Fyshros the pandemonium lord
 78612 | Pan      | Reached skill level 27 in Fighting
 78625 | Pan      | Killed Fyshros the pandemonium lord
 78893 | Pan      | Got a demonic rune of Zot
 78916 | Pan      | Noticed Yruvvate the pandemonium lord
 78928 | Pan      | Killed Yruvvate the pandemonium lord
 79055 | Pan      | Noticed Eliciuva the pandemonium lord
 79064 | Pan      | Killed Eliciuva the pandemonium lord
 79158 | Pan      | Identified the +7 lajatang "Pucw" {vorpal, Int+7 Dex+3}
 79337 | Pan      | Entered the realm of Mnoleg.
 79637 | Pan      | Noticed Mnoleg
 79662 | Pan      | Killed Mnoleg
 79884 | Pan      | Found an exit through the horrors of the Abyss.
 79980 | Pan      | Got a glowing rune of Zot
 80032 | Pan      | Found an exit through the horrors of the Abyss.
 80074 | Pan      | Identified the +7 hand crossbow "Vazxozau" {venom, rC+
                  | Str+3 Dex+3}
 80142 | Pan      | Noticed Afewkat the pandemonium lord
 80308 | Pan      | Noticed Purion the pandemonium lord
 80323 | Pan      | Killed Purion the pandemonium lord
 80323 | Pan      | Reached skill level 27 in Dodging
 80509 | Pan      | Reached skill level 27 in Throwing
 80545 | Pan      | Entered the realm of Gloorx Vloq.
 80611 | Pan      | Noticed Gloorx Vloq
 80629 | Pan      | Killed Gloorx Vloq
 80647 | Pan      | Got a dark rune of Zot
 80826 | Pan      | Found an exit through the horrors of the Abyss.
 80952 | Pan      | Noticed Siuzun the pandemonium lord
 80976 | Pan      | Killed Siuzun the pandemonium lord
 81109 | Pan      | Noticed Qonweec the pandemonium lord
 81133 | Pan      | Killed Qonweec the pandemonium lord
 81166 | Pan      | Noticed Ymeis the pandemonium lord
 81191 | Pan      | Killed Ymeis the pandemonium lord
 81219 | Pan      | Noticed Suif the pandemonium lord
 81239 | Pan      | Killed Suif the pandemonium lord
 81353 | Pan      | Entered the realm of Cerebov.
 81692 | Pan      | Identified the +6 sword of Cerebov {flame}
 81692 | Pan      | Noticed Cerebov
 81724 | Pan      | Killed Cerebov
 81868 | Pan      | Identified the ring "Gineisch" {Ice MR+}
 81976 | Pan      | Got a fiery rune of Zot
 82050 | Pan      | Entered the realm of Lom Lobon.
 82134 | Pan      | Noticed Lom Lobon
 82189 | Pan      | Killed Lom Lobon
 82246 | Pan      | Found an exit through the horrors of the Abyss.
 82837 | Pan      | Got a magical rune of Zot
 82939 | Pan      | Found an exit through the horrors of the Abyss.
 83185 | Pan      | Found a runed translucent door.
 83190 | Pan      | Noticed Xisoips the pandemonium lord
 83200 | Pan      | Found a runed translucent door.
 83239 | Pan      | Noticed Piew the pandemonium lord
 83272 | Pan      | Killed Piew the pandemonium lord
 83323 | Pan      | Found an exit through the horrors of the Abyss.
 83332 | Pan      | Took an exit into the Abyss.
 83332 | Abyss:1  | Escaped into the Abyss
 83649 | Abyss:1  | Found a roughly hewn altar of Beogh.
 83818 | Depths:3 | Escaped the Abyss
 83974 | Depths:2 | Voluntarily entered the Abyss.
 83974 | Abyss:1  | Found a corrupted altar of Lugonu.
 84002 | Abyss:2  | Found a corrupted altar of Lugonu.
 84003 | Abyss:2  | Found a sacrificial altar of Ru.
 84494 | Abyss:4  | Reached skill level 27 in Conjurations
 84734 | Abyss:5  | Entered Level 5 of the Abyss
 84734 | Abyss:5  | Found a corrupted altar of Lugonu.
 85889 | Abyss:5  | Got an abyssal rune of Zot
 85908 | Depths:2 | Escaped the Abyss
 85917 | Depths:2 | Found the +8 arc blade {discharge, rElec}
 85943 | Depths:2 | Found a gateway to Hell.
 85957 | Hell     | Entered the Vestibule of Hell
 85957 | Hell     | Noticed Geryon
 85992 | Hell     | Killed Geryon
 86236 | Hell     | Found a gateway to the Iron City of Dis.
 86303 | Hell     | Found a gateway to the freezing wastes of Cocytus.
 86315 | Coc:1    | Entered Level 1 of Cocytus
 86315 | Coc:1    | Found a gateway to Hell.
 86341 | Coc:1    | You are sucked into a shaft and drop 1 floor!
 86344 | Coc:2    | You are sucked into a shaft and drop 1 floor!
 86347 | Coc:3    | You are sucked into a shaft and drop 3 floors!
 86350 | Coc:6    | You are sucked into a shaft and drop 1 floor!
 86350 | Coc:7    | Entered Level 7 of Cocytus
 86350 | Coc:7    | Noticed a shard shrike
 86350 | Coc:7    | Noticed a shard shrike
 86350 | Coc:7    | Noticed a shard shrike
 86350 | Coc:7    | Noticed a shard shrike
 86352 | Coc:7    | Noticed a shard shrike
 86353 | Coc:7    | Noticed a shard shrike
 86353 | Coc:7    | Noticed a shard shrike
 86355 | Coc:7    | Killed a shard shrike
 86355 | Coc:7    | Killed a shard shrike
 86356 | Coc:7    | Killed a shard shrike
 86359 | Coc:7    | Killed a shard shrike
 86372 | Coc:7    | Killed a shard shrike
 86372 | Coc:7    | Killed a shard shrike
 86372 | Coc:7    | Killed a shard shrike
 86514 | Coc:7    | Found the +2 robe of Vines {NoPotionHeal Regen+7}
 86522 | Coc:7    | Noticed Antaeus
 86568 | Coc:7    | Killed Antaeus
 86599 | Coc:7    | Got an icy rune of Zot
 86864 | Coc:7    | Reached skill level 27 in Transmutations
 86923 | Coc:7    | Noticed a shard shrike
 86924 | Coc:7    | Found a gateway to Hell.
 86924 | Coc:7    | Found a gateway to Hell.
 86927 | Coc:7    | Found a gateway to Hell.
 86971 | Dis:1    | Entered Level 1 of the Iron City of Dis
 86971 | Dis:1    | Found a gateway to Hell.
 86977 | Dis:1    | You are sucked into a shaft and drop 1 floor!
 86980 | Dis:2    | You are sucked into a shaft and drop 1 floor!
 86980 | Dis:3    | Found a gateway to Hell.
 86983 | Dis:3    | You are sucked into a shaft and drop 2 floors!
 86986 | Dis:5    | You are sucked into a shaft and drop 1 floor!
 86989 | Dis:6    | You are sucked into a shaft and drop 1 floor!
 86989 | Dis:7    | Entered Level 7 of the Iron City of Dis
 87052 | Dis:7    | Noticed the Serpent of Hell
 87073 | Dis:7    | Killed the Serpent of Hell
 87311 | Dis:7    | Identified the +4 staff of Dispater
 87311 | Dis:7    | Noticed Dispater
 87325 | Dis:7    | Killed Dispater
 87407 | Dis:7    | Got an iron rune of Zot
 87461 | Dis:7    | Found a gateway to Hell.
 87513 | Hell     | Found a gateway to the ashen valley of Gehenna.
 87568 | Geh:1    | Entered Level 1 of Gehenna
 87568 | Geh:1    | Found a gateway to Hell.
 87572 | Geh:1    | You are sucked into a shaft and drop 1 floor!
 87575 | Geh:2    | You are sucked into a shaft and drop 1 floor!
 87575 | Geh:3    | Found a gateway to Hell.
 87578 | Geh:3    | You are sucked into a shaft and drop 2 floors!
 87581 | Geh:5    | You are sucked into a shaft and drop 1 floor!
 87581 | Geh:6    | Found a gateway to Hell.
 87583 | Geh:6    | Found a gateway to Hell.
 87601 | Geh:7    | Entered Level 7 of Gehenna
 87601 | Geh:7    | Found a gateway to Hell.
 87601 | Geh:7    | Found a gateway to Hell.
 87601 | Geh:7    | Found a gateway to Hell.
 87737 | Geh:7    | Learned a level 9 spell: Absolute Zero
 87862 | Geh:7    | Identified the +7 sceptre of Asmodeus
 87862 | Geh:7    | Noticed Asmodeus
 87881 | Geh:7    | Killed Asmodeus
 87895 | Geh:7    | Got an obsidian rune of Zot
 88001 | Hell     | Found a gateway to the decaying netherworld of Tartarus.
 88026 | Tar:1    | Entered Level 1 of Tartarus
 88026 | Tar:1    | Found a gateway to Hell.
 88030 | Tar:1    | You are sucked into a shaft and drop 1 floor!
 88033 | Tar:2    | You are sucked into a shaft and drop 2 floors!
 88036 | Tar:4    | You are sucked into a shaft and drop 1 floor!
 88039 | Tar:5    | You are sucked into a shaft and drop 1 floor!
 88042 | Tar:6    | You are sucked into a shaft and drop 1 floor!
 88042 | Tar:7    | Entered Level 7 of Tartarus
 88090 | Tar:7    | Reached skill level 10 in Ice Magic
 88131 | Tar:7    | Noticed Ereshkigal
 88143 | Tar:7    | Killed Ereshkigal
 88179 | Tar:7    | Reached skill level 27 in Necromancy
 88396 | Tar:7    | Identified Sif Muna's Incunabulum of Conjuration and the
                  | Oath
 88520 | Tar:7    | Got a bone rune of Zot
 88543 | Tar:7    | Found a gateway to Hell.
 88586 | Depths:2 | You are sucked into a shaft and drop 2 floors!
 88589 | Depths:4 | You are sucked into a shaft and drop 1 floor!
 88770 | Depths:5 | Identified the ring "Deshiun" {rN++ Str-5 Dex+6}
 88777 | Depths:5 | Found a gate to the Realm of Zot.
 88793 | Zot:1    | Entered Level 1 of the Realm of Zot
 88799 | Zot:1    | You are sucked into a shaft and drop 1 floor!
 88802 | Zot:2    | You are sucked into a shaft and drop 2 floors!
 88805 | Zot:4    | You are sucked into a shaft and drop 1 floor!
 88805 | Zot:5    | Entered Level 5 of the Realm of Zot
 88805 | Zot:5    | Noticed a Killer Klown
 88805 | Zot:5    | Noticed an ancient lich
 88807 | Zot:5    | Noticed a Killer Klown
 88807 | Zot:5    | Noticed an ancient lich
 88808 | Zot:5    | Noticed an orb of fire
 88809 | Zot:5    | Killed an ancient lich
 88809 | Zot:5    | Reached skill level 15 in Ice Magic
 88810 | Zot:5    | Killed a Killer Klown
 88811 | Zot:5    | Noticed an ancient lich
 88812 | Zot:5    | Killed an ancient lich
 88813 | Zot:5    | Killed a Killer Klown
 88821 | Zot:5    | Gained mutation: You are frail. (-10% HP) [an orb of fire]
 88822 | Zot:5    | Killed an ancient lich
 88822 | Zot:5    | Killed an orb of fire
 88859 | Zot:5    | Noticed an ancient lich
 88865 | Zot:5    | Noticed an orb of fire
 88868 | Zot:5    | Killed an ancient lich
 88890 | Zot:5    | Killed an orb of fire
 88979 | Zot:5    | Noticed a Killer Klown
 88985 | Zot:5    | Killed a Killer Klown
 89036 | Zot:5    | Noticed a Killer Klown
 89047 | Zot:5    | Noticed an orb of fire
 89049 | Zot:5    | Killed a Killer Klown
 89061 | Zot:5    | Noticed a Killer Klown
 89064 | Zot:5    | Noticed a Killer Klown
 89070 | Zot:5    | Killed an orb of fire
 89074 | Zot:5    | Killed a Killer Klown
 89079 | Zot:5    | Killed a Killer Klown
 89122 | Zot:5    | Got the Orb of Zot
 89145 | Zot:5    | Noticed Wiulemoa the pandemonium lord
 89159 | Zot:5    | Noticed Pounuc the pandemonium lord
 89164 | Zot:5    | Noticed Sygoqoz the pandemonium lord
 89176 | Zot:5    | Killed Wiulemoa the pandemonium lord
 89179 | Zot:5    | Killed Pounuc the pandemonium lord
 89182 | Zot:5    | Killed Sygoqoz the pandemonium lord
 89190 | Zot:5    | Noticed Kynubim the pandemonium lord
 89481 | Zot:2    | Noticed an orb of fire
 89488 | Zot:2    | Killed an orb of fire
 89516 | Zot:2    | Noticed an orb of fire
 89525 | Zot:2    | Killed an orb of fire
 89540 | Zot:2    | Noticed Heacow the pandemonium lord
 89561 | Zot:2    | Killed Heacow the pandemonium lord
 89582 | Zot:2    | Noticed a Killer Klown
 89585 | Zot:2    | Noticed a Killer Klown
 89585 | Zot:2    | Noticed a juggernaut
 89587 | Zot:2    | Noticed a Killer Klown
 89588 | Zot:2    | Killed a Killer Klown
 89591 | Zot:2    | Killed a Killer Klown
 89591 | Zot:2    | Killed a juggernaut
 89591 | Zot:2    | Killed a Killer Klown
 89688 | Depths:3 | Noticed Vohig the pandemonium lord
 89742 | Depths:2 | Noticed Pemelyr the pandemonium lord
 89753 | Depths:2 | Killed Pemelyr the pandemonium lord
 89797 | Depths:2 | Found a runed translucent door.
 90174 | D:3      | Noticed Beaxuz the pandemonium lord
 90242 | D:$      | Escaped with the Orb!

Illustrated notes

Levels and vault maps discovered:
D:1:      enne_arrival_octagon_isle, layout_loops_corners
D:2:      layout_rooms, uniq_crazy_yiuf_cottage
D:3:      cheibrodos_helix_gallery, layout_loops_ring, gup_sewer_entry_bowl
D:4:      layout_loops_ring
D:5:      layout_rooms, first_ration, serial_shops, shop,
          chequers_serial_rivers_micro_a, uniq_prince_ribbit1, uniq_pikel
D:6:      layout_basic, tgw_xom, minmay_temple_entry_tees
D:7:      layout_rooms
D:8:      layout_loops_corners
D:9:      layout_long_grid, david_nohive_1, uniq_psyche, uniq_harold
D:10:     layout_cave_pools, nicolae_trove_entry_diagonal
D:11:     layout_roguey, erik_lair_dragon, minmay_orc_entry_guard_dogs,
          gammafunk_ghost_abyssal_escape
D:12:     layout_grid_maze, uniq_azrael
D:13:     layout_cave_pods, skrybe_vaults_entry_preservation,
          minmay_hollow_rounded_squares, uniq_josephine, uniq_rupert,
          uniq_jorgrun
D:14:     layout_roguey, serial_shops, kennysheep_little_box, shop_fountains,
          nicolae_gozag_cash_rules_everything_around_me, serial_corexii_hall,
          corexii_hall_statues_l, chequers_hall_statues_wall_a,
          chequers_hall_statues_corner_a, corexii_hall_statues_i
D:15:     grunt_enter_depths_giant_problem, layout_long_grid,
          nicolae_dithmenos_through_a_glass_darkly, basic_altar, serial_shops,
          shop, hive_lemuel
Temple:   kilobyte_greek_temple
Lair:1:   beast_lair_carwin_large_2, layout_gridlike,
          chequers_serial_rivers_micro_a, grunt_megastairs_4,
          infiniplex_staircase_pool, uniq_grum
Lair:2:   layout_loops_ring, minmay_lair_oklob_chamber, uniq_erica, uniq_sonja
Lair:3:   layout_gridlike, elwin_shoals_entry_stream
Lair:4:   layout_concentric_octagons, nicolae_spider_entry_tight_spaces
Lair:5:   gammafunk_cloud_chamber, layout_cave_pods, minmay_slime_entry_pillars,
          gauntlet_entry_generic, roderic_carrion_pond, serial_bayou_shore_a,
          grunt_megastairs_3, lemuel_fruit_tree
Lair:6:   gammafunk_lair_ancient_temple, layout_layer_cave, minivault_24
Shoals:1: layout_shoals
Shoals:2: layout_shoals, uniq_nikola
Shoals:3: layout_shoals, gammafunk_ghost_abyssal_escape
Shoals:4: shoals_end_grunt_ice, layout_shoals, ebering_ghost_disaster_area,
          serial_shops, shop
Spider:1: nicolae_spider_mines_1
Spider:2: layout_spider_delve
Spider:3: layout_spider_delve, uniq_arachne
Spider:4: grunt_spider_rune_island, nicolae_crawler_farm
Slime:1:  layout_caves, cheibrodos_slime_lost_civilization_6
Slime:2:  layout_caves
Slime:3:  layout_caves
Slime:4:  layout_caves
Slime:5
Orc:1:    layout_diamond_mine, ebering_ghost_rock_garden, uniq_urug
Orc:2:    st_orc_open, layout_caves, nicolae_orc_bridge_out
Elf:1:    layout_loops_corners, mu_enter_wizlab_4, minmay_elf_annihilation
Elf:2:    layout_onion_city
Elf:3:    minmay_elf_hall_not_hex, layout_loops_corners, uniq_roxanne
Vaults:1: v_rooms_4, v_misc_15, hangedman_vaults_nails, vaults_dpeg_spiral,
          hangedman_vaults_variations, nicolae_vaults_yaktaur_gun_rack,
          nicolae_vaults_three_branches, v_pattern_2,
          nicolae_vaults_little_squares_3, ontoclasm_vaults_twist,
          vaults_room_hallway, layout_vaults_omnicross, uniq_saint_roka,
          uniq_asterion
Vaults:2: nicolae_vaults_what_the_h, minmay_crypt_entry_simple_plaza, v_misc_33,
          ontoclasm_vaults_hangar, st_octagons_1,
          nicolae_vaults_network_periphery, vaults_room_grid,
          hangedman_vaults_unwind, hangedman_vaults_river_flow,
          hangedman_vaults_restitches, vaults_room_hallway, vaults_mumra_lcd,
          ontoclasm_vaults_ring_square, hangedman_vaults_corner_blocks,
          layout_vaults_maze, serial_shops, nicolae_shop_behind_doors
Vaults:3: hangedman_vaults_nails, vaults_mumra_hexcomb, v_misc_22, kb_rosetta,
          vaults_room_boxed, hangedman_vaults_stretched_pinwheel, v_misc_3,
          ontoclasm_vaults_gateway, nicolae_vaults_windows_and_doors_thing,
          vaults_room_fours, grunt_vaults_hallway_short,
          layout_vaults_chaotic_city
Vaults:4: v_misc_33, v_misc_13, grunt_vaults_focal, v_misc_29,
          grunt_vaults_trifunnel, nicolae_vaults_little_squares_3,
          vaults_room_fours, grunt_vaults_hallway_long, vaults_room_ringed_pool,
          ontoclasm_vaults_shuriken, nicolae_vaults_network_quinsquares
          [nicolae_vaults_network_quincunx_subvault,
          nicolae_vaults_network_quincunx_subvault,
          nicolae_vaults_network_quincunx_subvault,
          nicolae_vaults_network_quincunx_subvault], layout_vaults_ring
Vaults:5: serial_shops
Crypt:1:  layout_misc_corridors
Crypt:2:  layout_misc_corridors
Crypt:3:  grunt_crypt_end_deaths_head
Tomb:1
Tomb:2:   uniq_khufu
Tomb:3
Depths:1: layout_gridville, hell_entry, ashenzari_altar_1, minivault_10,
          drop_trap, minmay_misc_feat_encased, minmay_misc_feat_secret_circle,
          minmay_statues_item, evilmike_spriggan_trog_shrine
Depths:2: minmay_shoctagon, layout_basic, hell_entry,
          ebering_ghost_reflecting_pool, abyss_entry, rand_demon_pan_entry_1,
          minmay_misc_feat_plants, roderic_serpentine_path,
          hangedman_cracks_in_the_wall
Depths:3: lemuel_castle_with_subvaults [lemuel_castle_interior_carwin_3],
          layout_cave_pools, pf_hell_entry_great_geh, abyss_entry_crystal,
          pan_entry, minmay_fractal_squares_gapless_7
Depths:4: grunt_runaround [grunt_runaround_doors_1, grunt_runaround_doors_2,
          grunt_runaround_doors_3, grunt_runaround_doors_4,
          grunt_runaround_loot], abyss_entry, hell_entry
Depths:5: evilmike_zot_entry_basic, layout_basic, enter_ziggurat_b,
          hangedman_decor_points, hell_entry, kennysheep_treasure_room
Hell
Dis:1:    layout_gridville
Dis:2:    kennysheep_iron_temple, layout_overlapping_boxes
Dis:3:    layout_regular_city, grunt_megastairs_2, lemuel_elevator
Dis:5:    layout_subdivisions
Dis:6:    layout_chaotic_city, grunt_dis_stairs_iron_hall
Dis:7:    dis_st
Geh:1:    layout_gehenna_lava_caves
Geh:2:    layout_gehenna_pools_box, lemuel_flamethrower_3
Geh:3:    layout_gehenna_pools_triple
Geh:5:    layout_gehenna_lava_caves, lemuel_flamethrower_3
Geh:6:    layout_gehenna_pools_basic
Geh:7:    geh_grunt_pentagon
Coc:1:    layout_ice_bergs
Coc:2:    layout_ice_bergs
Coc:3:    layout_ice_bergs
Coc:6:    layout_ice_bergs
Coc:7:    coc_hangedman
Tar:1:    layout_grid_maze
Tar:2:    layout_catacombs
Tar:4:    layout_cathedral_of_symmetry, nicolae_tar_cuneiform_to_be,
          hangedman_mysterious_dungeon_monster_house
Tar:5:    layout_cathedral_of_symmetry
Tar:6:    layout_cathedral_of_symmetry, door_vault
Tar:7:    tar_grunt_cathedral
Zot:1:    layout_cathedral_of_symmetry
Zot:2:    ebering_greatest_show_in_zot, layout_twisted_circle, basic_altar
Zot:3:    lemuel_halls_of_wrath, layout_concentric_octagons, basic_altar
Zot:4:    hangedman_zot_vaults_quadrants, layout_onion_interference
Zot:5:    layout_gridlike

Skill      XL: |  1  2  3  4  5  6  7  8  9 10 11 12 13 14 15 16 17 18 19 20 21 22 23 24 25 26 27 |
---------------+----------------------------------------------------------------------------------+-----
Conjurations   | 1 2 3 4 6 27 | 27.0
Fire Magic     | 2 5 |  5.0
Air Magic      | 2 4 5 27 | 27.0
Shields        | 3 8 15 27 | 27.0
Fighting       | 4 5 6 9 10 27 | 27.0
Armour         | 4 5 6 10 27 | 27.0
Dodging        | 4 5 7 27 | 27.0
Necromancy     | 4 7 9 10 12 13 15 16 18 19 27 | 27.0
Spellcasting   | 5 7 11 15 17 27 | 27.0
Earth Magic    | 8 11 12 13 15 17 18 19 22 27 | 27.0
Charms         | 5 6 |  6.0
Ice Magic      | 5 6 24 | 24.9
Translocations | 2 |  2.0
Transmutations | 2 7 11 14 16 17 19 27 | 27.0
Evocations     | 8 12 27 | 27.0
Stealth        | 27 | 27.0
Hexes          | 18 | 18.5
Throwing       | 27 | 27.0
Polearms       | |  0.7
Summonings     | |  1.0

Action                   |  1- 3 |  4- 6 |  7- 9 | 10-12 | 13-15 | 16-18 | 19-21 | 22-24 | 25-27 || total
-------------------------+-------+-------+-------+-------+-------+-------+-------+-------+-------++-------
Melee: Short sword       |    26 |    27 |     3 |       |       |       |       |       |       ||    56
       Quarterstaff      |       |       |   105 |       |       |       |       |   105 |   102 ||   312
       Hunting sling     |       |       |     1 |       |       |       |       |       |       ||     1
       Dagger            |       |       |       |   491 |    32 |       |       |       |       ||   523
       Scimitar          |       |       |       |     6 |   140 |     7 |       |       |       ||   153
       Halberd           |       |       |       |       |   533 |   531 |       |       |       ||  1064
       Great sword       |       |       |       |       |     2 |       |       |       |       ||     2
       Demon trident     |       |       |       |       |       |   213 |   709 |   361 |    66 ||  1349
       War axe           |       |       |       |       |       |       |     3 |       |       ||     3
       Staff             |       |       |       |       |       |       |       |     7 |   167 ||   174
       Double sword      |       |       |       |       |       |       |       |       |     5 ||     5
 Fire: Hunting sling     |       |       |   230 |   180 |       |       |       |       |       ||   410
       Arbalest          |       |       |       |       |       |     9 |    16 |     8 |       ||    33
Throw: Dart              |       |    21 |    15 |     2 |       |       |       |       |       ||    38
       Javelin           |       |       |       |       |       |       |       |     7 |       ||     7
 Cast: Magic Dart        |    63 |   155 |   104 |    77 |     3 |     4 |       |       |       ||   406
       Mephitic Cloud    |       |     3 |    53 |    78 |    50 |    42 |    13 |     7 |       ||   246
       Conjure Flame     |       |       |    22 |    53 |    45 |    57 |     9 |     2 |       ||   188
       Borgnjor's Vile C |       |       |       |    28 |   143 |   350 |   268 |   327 |   273 ||  1389
       Vampiric Draining |       |       |       |     6 |     3 |     6 |     4 |     1 |       ||    20
       Sublimation of Bl |       |       |       |     9 |    47 |    75 |    68 |    57 |       ||   256
       Dispel Undead     |       |       |       |     3 |    30 |     9 |    18 |    95 |    52 ||   207
       Ozocubu's Armour  |       |       |       |       |       |     7 |    55 |    60 |    98 ||   220
       Bolt of Magma     |       |       |       |       |       |     2 |     2 |     3 |    10 ||    17
       Lee's Rapid Decon |       |       |       |       |       |       |       |     6 |       ||     6
       Necromutation     |       |       |       |       |       |       |       |    24 |   318 ||   342
       Shroud of Golubri |       |       |       |       |       |       |       |     6 |    49 ||    55
       Shatter           |       |       |       |       |       |       |       |       |  1320 ||  1320
       Tornado           |       |       |       |       |       |       |       |       |   567 ||   567
       Darkness          |       |       |       |       |       |       |       |       |    12 ||    12
       Chain Lightning   |       |       |       |       |       |       |       |       |     7 ||     7
Invok: Receive Necronomi |       |       |       |       |     1 |       |       |       |       ||     1
       Renounce Religion |       |       |       |       |     1 |       |       |       |       ||     1
       Potion Petition   |       |       |       |       |       |       |       |       |    68 ||    68
       Call Merchant     |       |       |       |       |       |       |       |       |     9 ||     9
 Abil: Dig               |       |     3 |    23 |    45 |    21 |    25 |     7 |    12 |       ||   136
       End Transformatio |       |       |       |       |       |       |       |     4 |    16 ||    20
       Shaft Self        |       |       |       |       |       |       |       |       |    30 ||    30
       Evoke Fog         |       |       |       |       |       |       |       |       |     4 ||     4
       Evoke Invisibilit |       |       |       |       |       |       |       |       |     1 ||     1
Evoke: Lightning rod     |       |       |       |       |       |       |       |     4 |       ||     4
       Phial of floods   |       |       |       |       |       |       |       |     1 |       ||     1
       Staff of energy   |       |       |       |       |       |       |       |   193 |  4297 ||  4490
       Wand              |       |       |       |       |       |       |       |       |    24 ||    24
       Figurine of a zig |       |       |       |       |       |       |       |       |     4 ||     4
       Box of beasts     |       |       |       |       |       |       |       |       |     2 ||     2
  Use: Scroll            |       |     1 |     3 |    10 |    13 |    16 |     6 |     6 |    72 ||   127
       Potion            |       |       |     2 |     1 |     4 |     4 |     1 |    10 |    44 ||    66
 Stab: Sleeping          |     1 |       |     2 |     2 |     3 |     2 |     3 |     1 |     1 ||    15
       Confused          |       |     3 |     5 |    25 |    17 |     7 |     3 |       |       ||    60
       Distracted        |       |       |       |       |     1 |       |     4 |     4 |    16 ||    25
       Petrifying        |       |       |       |       |       |       |       |       |     1 ||     1
  Eat: Chunk             |     1 |     7 |    20 |    33 |    25 |       |       |       |       ||    86
       Ration            |       |       |     1 |     1 |    11 |    12 |     8 |     7 |    12 ||    52
Armor: Robe              |    10 |     8 |    44 |   109 |       |       |       |       |       ||   171
       Troll leather arm |       |       |       |     1 |   311 |   288 |   185 |   154 |   589 ||  1528
Dodge: Dodged            |    31 |    38 |   118 |   272 |   527 |   563 |   303 |   252 |  1895 ||  3999
Block: Buckler           |       |       |    42 |    87 |   175 |    71 |       |       |       ||   375
       Kite shield       |       |       |       |       |       |   177 |       |       |       ||   177
       Tower shield      |       |       |       |       |       |   316 |   633 |   587 |  3334 ||  4870
       Rpst.: Scimitar   |       |       |       |       |    29 |     1 |       |       |       ||    30
       Great sword       |       |       |       |       |     2 |       |       |       |       ||     2
       Double sword      |       |       |       |       |       |       |       |       |     2 ||     2
